Workbook

Sheet BDI
A1: COMPOSIÇÃO DE BDI
B3: ='PLANILHA ORÇAMENTÁRIA'!A3 -> MUNICÍPIO: | C3: ='PLANILHA ORÇAMENTÁRIA'!C3 -> DELFIM MOREIRA ISS 4%
B4: ='PLANILHA ORÇAMENTÁRIA'!A4 -> OBRA: | C4: ='PLANILHA ORÇAMENTÁRIA'!C4 -> REFORMA DA ESCOLA MUNICIPAL JOAQUIM PERES
B5: ='PLANILHA ORÇAMENTÁRIA'!A5 -> DATA: | C5: ='PLANILHA ORÇAMENTÁRIA'!C5 -> AGOSTO DE 2024
C6: ='PLANILHA ORÇAMENTÁRIA'!C6 -> REVISÃO ZERO
A8: Conforme legislação tributária municipal, definir estimativa de percentual da base de cálculo para o ISS: | I8: 0.5
A9: Sobre a base de cálculo, definir a respectiva alíquota do ISS (entre 2% e 5%): | I9: 0.04
A12: TIPO DE OBRA
A13: Construção e Reforma de Edifícios
A15: Itens | I15: Siglas | J15: % Adotado | L15: 1º Quartil | M15: Médio | N15: 3º Quartil
A17: Administração Central | I17: AC | J17: 0.0448 | L17: 0.03 | M17: 0.04 | N17: 0.055
A18: Seguro e Garantia | I18: SG | J18: 0.01 | L18: 0.008 | M18: 0.008 | N18: 0.01
A19: Risco | I19: R | J19: 0.0127 | L19: 0.0097 | M19: 0.0127 | N19: 0.0127
A20: Despesas Financeiras | I20: DF | J20: 0.0139 | L20: 0.0059 | M20: 0.0123 | N20: 0.0139
A21: Lucro | I21: L | J21: 0.0896 | L21: 0.0616 | M21: 0.074 | N21: 0.0896
A22: Tributos (impostos COFINS 3%, e PIS 0,65%) | I22: CP | J22: 0.0365 | L22: 0.0365 | M22: 0.0365 | N22: 0.0365
A23: Tributos (ISS, variável de acordo com o município) | I23: ISS | J23: 0.02 | L23: 0 | M23: 0.025 | N23: 0.05
A24: Tributos (Contribuição Previdenciária sobre a Receita Bruta - 0% ou 4,5% - Desoneração) | I24: CPRB | J24: 0 | L24: 0 | M24: 0.045 | N24: 0.045
A25: BDI SEM desoneração (Fórmula Acórdão TCU) | I25: BDI PAD | J25: 0.2499 | L25: 0.2034 | M25: 0.2212 | N25: 0.25
A27: Os valores de BDI foram calculados com o emprego da fórmula:
D28: BDI = | E28: (1+AC + S + R + G)*(1 + DF)*(1+L) | H28: - 1
E29: (1-CP-ISS-CRPB)
A31: Declaro para os devidos fins que, conforme legislação tributária municipal, a base de cálculo deste tipo de obra corresponde à 50%, com a respectiva alíquota de 4%.
A33: Declaro para os devidos fins que o regime de Contribuição Previdenciária sobre a Receita Bruta adotado para elaboração do orçamento foi SEM Desoneração, e que esta é a alternativa mais adequada para a Administração Pública.
D36: Ana Paula Mota Alves
D37: Engenheira Civil
D38: CREA SP 5062224000 visto MG 22220

Sheet PLANILHA ORÇAMENTÁRIA
A1: PLANILHA ORÇAMENTÁRIA
A3: MUNICÍPIO: | C3: DELFIM MOREIRA ISS 4%
A4: OBRA: | C4: REFORMA DA ESCOLA MUNICIPAL JOAQUIM PERES
A5: DATA: | C5: AGOSTO DE 2024
C6: REVISÃO ZERO
A7: BDI: | C7: 0.2499
A8: REF.: | C8: SINAPI BH JULHO/2024 NÃO-DESONERADO
C9: SEINFRA-MG SUL ABRIL/2024 NÃO DESONERADO
A11: ITEM | B11: REFERENCIA | C11: CÓDIGO | D11: DESCRIÇÃO | E11: UNID. | F11: QUANT. | G11: CUSTO UNITÁRIO SEM BDI | H11: CUSTO UNITÁRIO COM BDI | I11: VALOR TOTAL COM BDI
A12: 1. | D12: REFORMA DA ESCOLA MUNICIPAL JOAQUIM PERES | I12: 182906.34
A13: 1.1. | D13: ADMINISTRAÇÃO LOCAL | I13: 12198.4
A14: 1.1.1. | B14: SINAPI | C14: 90778 | D14: ENGENHEIRO CIVIL DE OBRA PLENO COM ENCARGOS COMPLEMENTARES | E14: H | F14: 80 | G14: 121.99 | H14: 152.48 | I14: 12198.4
A15: 1.2. | D15: SERVIÇOS PRELIMINARES | I15: 769.66
A16: 1.2.1. | B16: SINAPI | C16: 103689 | D16: FORNECIMENTO E INSTALAÇÃO DE PLACA DE OBRA COM CHAPA GALVANIZADA E ESTRUTURA DE MADEIRA. AF_03/2022_PS | E16: M2 | F16: 2 | G16: 307.89 | H16: 384.83 | I16: 769.66
A17: 1.3. | D17: DEMOLIÇÕES E REMOÇÕES | I17: 8999.6
A18: 1.3.1. | B18: COMPOSIÇÃO | C18: CPU 002 | D18: REMOÇÃO MANUAL DE FOLHA DE PORTA DE MADEIRA , SEM REAPROVEITAMENTO, INCLUSIVE AFASTAMENTO E EMPILHAMENTO, EXCLUSIVE TRANSPORTE E RETIRADA DO MATERIAL REMOVIDO NÃO REAPROVEITÁVEL | E18: m² | F18: 21.69 | G18: 19.24 | H18: 24.05 | I18: 521.64
A19: 1.3.2. | B19: SINAPI | C19: 97644 | D19: REMOÇÃO DE PORTAS, DE FORMA MANUAL, SEM REAPROVEITAMENTO. AF_09/2023 | E19: M2 | F19: 5.04 | G19: 9.32 | H19: 11.65 | I19: 58.72
A20: 1.3.3. | B20: SINAPI | C20: 97640 | D20: REMOÇÃO DE FORROS DE DRYWALL, PVC E FIBROMINERAL, DE FORMA MANUAL, SEM REAPROVEITAMENTO. AF_09/2023 | E20: M2 | F20: 292.88 | G20: 1.87 | H20: 2.34 | I20: 685.34
A21: 1.3.4. | B21: SINAPI | C21: 97642 | D21: REMOÇÃO DE TRAMA METÁLICA OU DE MADEIRA PARA FORRO, DE FORMA MANUAL, SEM REAPROVEITAMENTO. AF_09/2023 | E21: M2 | F21: 292.88 | G21: 2.69 | H21: 3.36 | I21: 984.08
A22: 1.3.5. | B22: SINAPI | C22: 97647 | D22: REMOÇÃO DE TELHAS DE FIBROCIMENTO METÁLICA E CERÂMICA, DE FORMA MANUAL, SEM REAPROVEITAMENTO. AF_09/2023 | E22: M2 | F22: 5.67 | G22: 3.47 | H22: 4.34 | I22: 24.61
A23: 1.3.6. | B23: SEINFRA-MG | C23: ED-48454 | D23: REMOÇÃO MANUAL DE ENGRADAMENTO PARA TELHA TIPO METÁLICA, PVC OU FIBROCIMENTO, COM REAPROVEITAMENTO, INCLUSIVE AFASTAMENTO E EMPILHAMENTO, EXCLUSIVE TRANSPORTE E RETIRADA DO MATERIAL REMOVIDO NÃO REAPROVEITÁVEL | E23: m2 | F23: 5.67 | G23: 15.27 | H23: 19.09 | I23: 108.24
A24: 1.3.7. | B24: SEINFRA-MG | C24: ED-48479 | D24: DEMOLIÇÃO MANUAL DE PISO CIMENTADO OU CONTRAPISO DE ARGAMASSA, COM ESPESSURA MÁXIMA DE 10CM, INCLUSIVE AFASTAMENTO E EMPILHAMENTO, EXCLUSIVE TRANSPORTE E RETIRADA DO MATERIAL DEMOLIDO | E24: m2 | F24: 141.98 | G24: 18.07 | H24: 22.59 | I24: 3207.33
A25: 1.3.8. | B25: SINAPI | C25: 97622 | D25: DEMOLIÇÃO DE ALVENARIA DE BLOCO FURADO, DE FORMA MANUAL, SEM REAPROVEITAMENTO. AF_09/2023 | E25: M3 | F25: 0.67 | G25: 54.77 | H25: 68.46 | I25: 45.87
A26: 1.3.9. | B26: SINAPI | C26: 97631 | D26: DEMOLIÇÃO DE ARGAMASSAS, DE FORMA MANUAL, SEM REAPROVEITAMENTO. AF_09/2023 | E26: M2 | F26: 241.65 | G26: 11.14 | H26: 13.92 | I26: 3363.77
A27: 1.4. | D27: ALVENARIA | I27: 325.56
A28: 1.4.1. | B28: SINAPI | C28: 89470 | D28: ALVENARIA DE BLOCOS DE CONCRETO ESTRUTURAL 14X19X39 CM (ESPESSURA 14 CM), FBK = 4,5 MPA, UTILIZANDO COLHER DE PEDREIRO. AF_10/2022 | E28: M2 | F28: 2.64 | G28: 98.66 | H28: 123.32 | I28: 325.56
A29: 1.5. | D29: CORREÇÃO ESTRUTURAL | I29: 4338.07
A30: 1.5.1. | B30: SEINFRA-MG | C30: ED-48501 | D30: DEMOLIÇÃO MANUAL DE REBOCO OU EMBOÇO, COM ESPESSURA DE ATÉ 55MM, INCLUSIVE AFASTAMENTO E EMPILHAMENTO, EXCLUSIVE TRANSPORTE E RETIRADA DO MATERIAL DEMOLIDO | E30: m2 | F30: 12.1 | G30: 10.12 | H30: 12.65 | I30: 153.07
A31: 1.5.2. | B31: SEINFRA-MG | C31: ED-8005 | D31: COSTURA DE TRINCA COM GRAMPO, BARRA DE AÇO CA-60 Ø4,2MM, COMPRIMENTO TOTAL 40CM, ESPAÇAMENTO DE 10CM, INCLUSIVE CORTE, DOBRA E ARGAMASSA, TRAÇO 1:4 (CIMENTO E AREIA), COM PREPARO MECANIZADO | E31: m | F31: 24.2 | G31: 42.22 | H31: 52.77 | I31: 1277.03
A32: 1.5.3. | B32: SEINFRA-MG | C32: ED-50241 | D32: TELA SOLDADA PARA LIGAÇÃO E PREVENÇÃO DE TRINCA EM ALVENARIA/ESTRUTURA, DIMENSÕES (50X12)CM, INCLUSIVE PINOS DE FIXAÇÃO, EXCLUSIVE REBOCO | E32: un | F32: 202 | G32: 7.59 | H32: 9.49 | I32: 1916.98
A33: 1.5.4. | B33: SEINFRA-MG | C33: ED-50237 | D33: ENTELAMENTO PREVENTIVO DE SUPERFÍCIE SUJEITA A TRINCA, INCLUSIVE TELA DE POLIÉSTER ESTRUTURANTE, LARGURA DE 25CM, EXCLUSIVE REVESTIMENTO DE ACABAMENTO | E33: m | F33: 24.2 | G33: 9.72 | H33: 12.15 | I33: 294.03
A34: 1.5.5. | B34: SEINFRA-MG | C34: ED-50729 | D34: CHAPISCO COM ARGAMASSA, TRAÇO 1:3 (CIMENTO E AREIA), ESP. 5MM, APLICADO EM ALVENARIA COM PENEIRA, INCLUSIVE ARGAMASSA COM PREPARO MECANIZADO | E34: m2 | F34: 12.1 | G34: 13.38 | H34: 16.72 | I34: 202.31
A35: 1.5.6. | B35: SEINFRA-MG | C35: ED-50762 | D35: REVESTIMENTO COM ARGAMASSA EM CAMADA ÚNICA, APLICADO EM PAREDE, TRAÇO 1:3 (CIMENTO E AREIA), ESP. 20MM, APLICAÇÃO MANUAL, INCLUSIVE ARGAMASSA COM PREPARO MECANIZADO, EXCLUSIVE CHAPISCO | E35: m2 | F35: 12.1 | G35: 32.71 | H35: 40.88 | I35: 494.65
A36: 1.6. | D36: REVESTIMENTO | I36: 26483.37
A37: 1.6.1. | B37: SINAPI | C37: 87879 | D37: CHAPISCO APLICADO EM ALVENARIAS E ESTRUTURAS DE CONCRETO INTERNAS, COM COLHER DE PEDREIRO. ARGAMASSA TRAÇO 1:3 COM PREPARO EM BETONEIRA 400L. AF_10/2022 | E37: M2 | F37: 243.57 | G37: 4.52 | H37: 5.65 | I37: 1376.17
A38: 1.6.2. | B38: SEINFRA-MG | C38: ED-50760 | D38: REBOCO COM ARGAMASSA, TRAÇO 1:2:9 (CIMENTO, CAL E AREIA), COM ADITIVO IMPERMEABILIZANTE, ESP. 20MM, APLICAÇÃO MANUAL, INCLUSIVE ARGAMASSA COM PREPARO MECANIZADO, EXCLUSIVE CHAPISCO | E38: m2 | F38: 243.57 | G38: 52.1 | H38: 65.12 | I38: 15861.28
A39: 1.6.3. | B39: SINAPI | C39: 98555 | D39: IMPERMEABILIZAÇÃO DE SUPERFÍCIE COM ARGAMASSA POLIMÉRICA / MEMBRANA ACRÍLICA, 3 DEMÃOS. AF_09/2023 | E39: M2 | F39: 243.57 | G39: 30.37 | H39: 37.96 | I39: 9245.92
A40: 1.7. | D40: PISO | I40: 14619.68
A41: 1.7.1. | B41: SINAPI | C41: 94992 | D41: EXECUÇÃO DE PASSEIO (CALÇADA) OU PISO DE CONCRETO COM CONCRETO MOLDADO IN LOCO, FEITO EM OBRA, ACABAMENTO CONVENCIONAL, ESPESSURA 6 CM, ARMADO. AF_08/2022 | E41: M2 | F41: 141.98 | G41: 82.38 | H41: 102.97 | I41: 14619.68
A42: 1.8. | D42: PINTURA | I42: 27520.44
A43: 1.8.1. | B43: SINAPI | C43: 88485 | D43: FUNDO SELADOR ACRÍLICO, APLICAÇÃO MANUAL EM PAREDE, UMA DEMÃO. AF_04/2023 | E43: M2 | F43: 821.36 | G43: 4.32 | H43: 5.4 | I43: 4435.34
A44: 1.8.2. | B44: SEINFRA-MG | C44: ED-50509 | D44: PINTURA ESMALTE EM SUPERFÍCIE DE CONCRETO/ALVENARIA, DUAS (2) DEMÃOS, EXCLUSIVE SELADOR ACRÍLICO E MASSA ACRÍLICA/CORRIDA (PVA) | E44: m2 | F44: 243.57 | G44: 26.59 | H44: 33.23 | I44: 8093.83
A45: 1.8.3. | B45: SINAPI | C45: 88489 | D45: PINTURA LÁTEX ACRÍLICA PREMIUM, APLICAÇÃO MANUAL EM PAREDES, DUAS DEMÃOS. AF_04/2023 | E45: M2 | F45: 577.78 | G45: 12.75 | H45: 15.94 | I45: 9209.81
A46: 1.8.4. | B46: SEINFRA-MG | C46: ED-50493 | D46: PINTURA ESMALTE EM ESQUADRIA DE MADEIRA, DUAS (2) DEMÃOS, INCLUSIVE UMA (1) DEMÃO DE FUNDO NIVELADOR, EXCLUSIVE MASSA A ÓLEO | E46: m2 | F46: 93.87 | G46: 31.45 | H46: 39.31 | I46: 3690.03
A47: 1.8.5. | B47: SEINFRA-MG | C47: ED-50491 | D47: PINTURA ESMALTE EM ESQUADRIAS DE FERRO, DUAS (2) DEMÃOS, INCLUSIVE UMA (1) DEMÃO DE FUNDO ANTICORROSIVO | E47: m2 | F47: 43.91 | G47: 38.11 | H47: 47.63 | I47: 2091.43
A48: 1.9. | D48: COBERTURA e FORRO | I48: 37364.56
A49: 1.9.1. | B49: SINAPI | C49: 94227 | D49: CALHA EM CHAPA DE AÇO GALVANIZADO NÚMERO 24, DESENVOLVIMENTO DE 33 CM, INCLUSO TRANSPORTE VERTICAL. AF_07/2019 | E49: M | F49: 50.41 | G49: 65.85 | H49: 82.31 | I49: 4149.25
A50: 1.9.2. | B50: SINAPI | C50: 96486 | D50: FORRO EM RÉGUAS DE PVC, LISO, PARA AMBIENTES COMERCIAIS, INCLUSIVE ESTRUTURA BIDIRECIONAL DE FIXAÇÃO. AF_08/2023_PS | E50: M2 | F50: 292.88 | G50: 76.24 | H50: 95.29 | I50: 27908.54
A51: 1.9.3. | B51: SINAPI | C51: 96121 | D51: ACABAMENTOS PARA FORRO (RODA-FORRO EM PERFIL METÁLICO E PLÁSTICO). AF_08/2023 | E51: M | F51: 251.28 | G51: 12.38 | H51: 15.47 | I51: 3887.3
A52: 1.9.4. | B52: SINAPI | C52: 92543 | D52: TRAMA DE MADEIRA COMPOSTA POR TERÇAS PARA TELHADOS DE ATÉ 2 ÁGUAS PARA TELHA ONDULADA DE FIBROCIMENTO, METÁLICA, PLÁSTICA OU TERMOACÚSTICA, INCLUSO TRANSPORTE VERTICAL. AF_07/2019 | E52: M2 | F52: 15.83 | G52: 29.69 | H52: 37.11 | I52: 587.45
A53: 1.9.5. | B53: SINAPI | C53: 94207 | D53: TELHAMENTO COM TELHA ONDULADA DE FIBROCIMENTO E = 6 MM, COM RECOBRIMENTO LATERAL DE 1/4 DE ONDA PARA TELHADO COM INCLINAÇÃO MAIOR QUE 10°, COM ATÉ 2 ÁGUAS, INCLUSO IÇAMENTO. AF_07/2019 | E53: M2 | F53: 15.83 | G53: 42.05 | H53: 52.56 | I53: 832.02
A54: 1.10. | D54: ESQUADRIAS | I54: 14514.05
A55: 1.10.1. | B55: SEINFRA-MG | C55: ED-13888 | D55: PORTA METÁLICA, TIPO DE CORRER, COM UMA (1) FOLHA, EM CHAPA GALVANIZADA LAMBRIL, MODELO ONDULADA, INCLUSIVE FORNECIMENTO, ASSENTAMENTO, PERFIS PARA MARCO E PINTURA ANTICORROSIVA COM UMA (1) DEMÃO, EXCLUSIVE FECHADURA E ROLDANAS | E55: m2 | F55: 1.68 | G55: 423.74 | H55: 529.63 | I55: 889.78
A56: 1.10.2. | B56: SINAPI | C56: 91341 | D56: PORTA EM ALUMÍNIO DE ABRIR TIPO VENEZIANA COM GUARNIÇÃO, FIXAÇÃO COM PARAFUSOS - FORNECIMENTO E INSTALAÇÃO. AF_12/2019 | E56: M2 | F56: 2.83 | G56: 668.33 | H56: 835.35 | I56: 2364.04
A57: 1.10.3. | B57: COMPOSIÇÃO | C57: CPU 004 | D57: FOLHAS DE PORTA DE MADEIRA LEVE OU MÉDIA DE 80CM DE LARGURA, FORNECIMENTO E INSTALAÇÃO | E57: UN | F57: 10 | G57: 279.5 | H57: 349.35 | I57: 3493.5
A58: 1.10.4. | B58: COMPOSIÇÃO | C58: CPU 005 | D58: FOLHAS DE PORTA DE MADEIRA LEVE OU MÉDIA DE 90CM DE LARGURA, FORNECIMENTO E INSTALAÇÃO | E58: UN | F58: 1 | G58: 352.2 | H58: 440.21 | I58: 440.21
A59: 1.10.5. | B59: SINAPI | C59: 91306 | D59: FECHADURA DE EMBUTIR PARA PORTAS INTERNAS, COMPLETA, ACABAMENTO PADRÃO MÉDIO, COM EXECUÇÃO DE FURO - FORNECIMENTO E INSTALAÇÃO. AF_12/2019 | E59: UN | F59: 11 | G59: 146.52 | H59: 183.14 | I59: 2014.54
A60: 1.10.6. | B60: SINAPI | C60: 102170 | D60: INSTALAÇÃO DE VIDRO IMPRESSO, E = 4 MM, EM ESQUADRIA DE ALUMÍNIO OU PVC, FIXADO COM BAGUETE. AF_01/2021_PS | E60: M2 | F60: 0.24 | G60: 339.45 | H60: 424.28 | I60: 101.83
A61: 1.10.7. | B61: SINAPI | C61: 90844 | D61: KIT DE PORTA DE MADEIRA PARA PINTURA, SEMI-OCA (LEVE OU MÉDIA), PADRÃO MÉDIO, 90X210CM, ESPESSURA DE 3,5CM, ITENS INCLUSOS: DOBRADIÇAS, MONTAGEM E INSTALAÇÃO DO BATENTE, FECHADURA COM EXECUÇÃO DO FURO - FORNECIMENTO E INSTALAÇÃO. AF_12/2019 | E61: UN | F61: 2 | G61: 1109.12 | H61: 1386.29 | I61: 2772.58
A62: 1.10.8. | B62: SINAPI | C62: 94573 | D62: JANELA DE ALUMÍNIO DE CORRER COM 4 FOLHAS PARA VIDROS, COM VIDROS, BATENTE, ACABAMENTO COM ACETATO OU BRILHANTE E FERRAGENS. EXCLUSIVE ALIZAR E CONTRAMARCO. FORNECIMENTO E INSTALAÇÃO. AF_12/2019 | E62: M2 | F62: 3 | G62: 407.82 | H62: 509.73 | I62: 1529.19
A63: 1.10.9. | B63: SEINFRA-MG | C63: ED-48163 | D63: BARRA DE APOIO EM AÇO INOX POLIDO RETA, DN 1.1/4" (31,75MM), PARA ACESSIBILIDADE (PMR/PCR), COMPRIMENTO 40CM, INSTALADO EM PORTA/PAREDE, INCLUSIVE FORNECIMENTO, INSTALAÇÃO E ACESSÓRIOS PARA FIXAÇÃO | E63: un | F63: 3 | G63: 138.57 | H63: 173.2 | I63: 519.6
A64: 1.10.10. | B64: SEINFRA-MG | C64: ED-48343 | D64: BANCADA EM GRANITO CINZA ANDORINHA E = 3 CM, APOIADA EM CONSOLE DE METALON 20 X 30 MM | E64: m2 | F64: 0.8 | G64: 388.81 | H64: 485.97 | I64: 388.78
A65: 1.11. | D65: OUTROS SERVIÇOS | I65: 6121.6
A66: 1.11.1. | B66: SEINFRA-MG | C66: ED-18181 | D66: PONTO DE EMBUTIR PARA GÁS EM TUBO DE COBRE CLASSE "A" SEM COSTURA SOLDÁVEL, DN 1/2" (15MM), EMBUTIDO NA ALVENARIA COM DISTÂNCIA DE ATÉ CINCO (5) METROS DO RAMAL DE ABASTECIMENTO, INCLUSIVE CONEXÕES E FIXAÇÃO DO TUBO COM ENCHIMENTO DO RASGO NA ALVENARIA/CONCRETO COM ARGAMASSA | E66: un | F66: 2 | G66: 528.25 | H66: 660.26 | I66: 1320.52
A67: 1.11.2. | B67: SEINFRA-MG | C67: ED-50221 | D67: PONTO DE EMBUTIR PARA ÁGUA FRIA EM TUBO DE PVC RÍGIDO SOLDÁVEL, DN 20MM (1/2"), EMBUTIDO NA ALVENARIA COM DISTÂNCIA DE ATÉ CINCO (5) METROS DA TOMADA DE ÁGUA, INCLUSIVE CONEXÕES E FIXAÇÃO DO TUBO COM ENCHIMENTO DO RASGO NA ALVENARIA/CONCRETO COM ARGAMASSA | E67: un | F67: 1 | G67: 136.3 | H67: 170.36 | I67: 170.36
A68: 1.11.3. | B68: SEINFRA-MG | C68: ED-50223 | D68: PONTO DE EMBUTIR PARA ESGOTO EM TUBO PVC RÍGIDO, PB - SÉRIE NORMAL, DN 40MM (1.1/2"), EMBUTIDO NA ALVENARIA/PISO, COM ALTURA (SAÍDA) DE 50CM DO PISO, COM DISTÂNCIA DE ATÉ CINCO (5) METROS DO RAMAL DE ESGOTO, EXCLUSIVE ESCAVAÇÃO, INCLUSIVE CONEXÕES E FIXAÇÃO DO TUBO COM ENCHIMENTO DO RASGO NA ALVENARIA/CONCRETO COM ARGAMASSA | E68: un | F68: 1 | G68: 157.24 | H68: 196.53 | I68: 196.53
A69: 1.11.4. | B69: SEINFRA-MG | C69: ED-21657 | D69: BANCADA EM GRANITO, COR CINZA ANDORINHA, ESP. 2CM, ACABAMENTO POLIDO, APOIADA EM ALVENARIA, EXCLUSIVE ALVENARIA, RODABANCA/FRONTÃO, TESTEIRA/FAIXA, FURO EM BANCADA, CUBA METÁLICA, VÁLVULA, SIFÃO, TORNEIRA E ENGATE FLEXÍVEL | E69: m2 | F69: 1.82 | G69: 357.11 | H69: 446.35 | I69: 812.36
A70: 1.11.5. | B70: SEINFRA-MG | C70: ED-50691 | D70: PRATELEIRA DE GRANITO CINZA ANDORINHA, E = 2 CM, APOIADA SOBRE ALVENARIA | E70: m2 | F70: 2.7 | G70: 276.97 | H70: 346.18 | I70: 934.69
A71: 1.11.6. | B71: SINAPI | C71: 98685 | D71: RODAPÉ EM GRANITO, ALTURA 10 CM. AF_09/2020 | E71: M | F71: 3.3 | G71: 62.39 | H71: 77.98 | I71: 257.33
A72: 1.11.7. | B72: SEINFRA-MG | C72: ED-48348 | D72: RODABANCA/FRONTÃO PARA BANCADA EM GRANITO, COR CINZA ANDORINHA, ESP. 2CM, ALTURA DE 10CM, INCLUSIVE REJUNTAMENTO EM MASSA PLÁSTICA NA COR DA PEDRA | E72: m | F72: 2.6 | G72: 51.13 | H72: 63.91 | I72: 166.17
A73: 1.11.8. | B73: SEINFRA-MG | C73: ED-48351 | D73: TESTEIRA EM GRANITO CINZA ANDORINHA | E73: m | F73: 4 | G73: 14.56 | H73: 18.2 | I73: 72.8
A74: 1.11.9. | B74: SEINFRA-MG | C74: ED-50287 | D74: CUBA EM AÇO INOXIDÁVEL DE EMBUTIR, AISI 304, APLICAÇÃO PARA TANQUE (600X600X400MM), ASSENTAMENTO EM BANCADA, INCLUSIVE VÁLVULA DE ESCOAMENTO DE METAL COM ACABAMENTO CROMADO, SIFÃO DE METAL TIPO COPO COM ACABAMENTO CROMADO, FORNECIMENTO E INSTALAÇÃO | E74: un | F74: 1 | G74: 1134.06 | H74: 1417.46 | I74: 1417.46
A75: 1.11.10. | B75: SINAPI | C75: 86910 | D75: TORNEIRA CROMADA TUBO MÓVEL, DE PAREDE, 1/2" OU 3/4", PARA PIA DE COZINHA, PADRÃO MÉDIO - FORNECIMENTO E INSTALAÇÃO. AF_01/2020 | E75: UN | F75: 1 | G75: 132.69 | H75: 165.85 | I75: 165.85
A76: 1.11.11. | B76: SINAPI | C76: 101174 | D76: ESTACA BROCA DE CONCRETO, DIÂMETRO DE 25CM, ESCAVAÇÃO MANUAL COM TRADO CONCHA, COM ARMADURA DE ARRANQUE. AF_05/2020 | E76: M | F76: 3 | G76: 85.59 | H76: 106.98 | I76: 320.94
A77: 1.11.12. | B77: SEINFRA-MG | C77: ED-50842 | D77: PILAR EM CONCRETO APARENTE 20 MPa, INCLUSIVE ARMAÇÃO, FÔRMA PLASTIFICADA E DESFORMA | E77: m3 | F77: 0.08 | G77: 2866.11 | H77: 3582.35 | I77: 286.59
A78: 1.12. | D78: INSTALAÇÕES ELÉTRICAS | I78: 25782.65
A79: 1.12.1. | B79: SEINFRA-MG | C79: ED-48469 | D79: REMOÇÃO MANUAL DE LUMINÁRIA COMPACTA (PLAFON, PAINEL LED, ETC.) EMBUTIDA OU SOBREPOR, COM REAPROVEITAMENTO, INCLUSIVE AFASTAMENTO E EMPILHAMENTO, EXCLUSIVE TRANSPORTE E RETIRADA DO MATERIAL REMOVIDO NÃO REAPROVEITÁVEL | E79: un | F79: 45 | G79: 6.31 | H79: 7.89 | I79: 355.05
A80: 1.12.2. | B80: COMPOSIÇÃO | C80: CPU 006 | D80: RE-INSTALAÇÃO DE LUMINÁRIAS DE SOBREPOR | E80: UND | F80: 43 | G80: 19.07 | H80: 23.84 | I80: 1025.12
A81: 1.12.3. | B81: COMPOSIÇÃO | C81: CPU 003 | D81: CAIXA DE PASSAGEM SOBREPOR EM AÇO - FORNECIMENTO E INSTALAÇÃO | E81: und | F81: 82 | G81: 43.05 | H81: 53.81 | I81: 4412.42
A82: 1.12.4. | B82: SEINFRA-MG | C82: ED-49187 | D82: CAIXA DE LIGAÇÃO/PASSAGEM EM PVC RÍGIDO PARA ELETRODUTO, DIMENSÕES 4"X2", EMBUTIDA EM ALVENARIA - FORNECIMENTO E INSTALAÇÃO | E82: un | F82: 84 | G82: 11.12 | H82: 13.9 | I82: 1167.6
A83: 1.12.5. | B83: SINAPI | C83: 91926 | D83: CABO DE COBRE FLEXÍVEL ISOLADO, 2,5 MM², ANTI-CHAMA 450/750 V, PARA CIRCUITOS TERMINAIS - FORNECIMENTO E INSTALAÇÃO. AF_03/2023 | E83: M | F83: 1353.33 | G83: 4.28 | H83: 5.35 | I83: 7240.32
A84: 1.12.6. | B84: SINAPI | C84: 91953 | D84: INTERRUPTOR SIMPLES (1 MÓDULO), 10A/250V, INCLUINDO SUPORTE E PLACA - FORNECIMENTO E INSTALAÇÃO. AF_03/2023 | E84: UN | F84: 7 | G84: 29.4 | H84: 36.75 | I84: 257.25
A85: 1.12.7. | B85: SINAPI | C85: 91957 | D85: INTERRUPTOR SIMPLES (1 MÓDULO) COM INTERRUPTOR PARALELO (1 MÓDULO), 10A/250V, INCLUINDO SUPORTE E PLACA - FORNECIMENTO E INSTALAÇÃO. AF_03/2023 | E85: UN | F85: 2 | G85: 51.1 | H85: 63.87 | I85: 127.74
A86: 1.12.8. | B86: SINAPI | C86: 92023 | D86: INTERRUPTOR SIMPLES (1 MÓDULO) COM 1 TOMADA DE EMBUTIR 2P+T 10 A, INCLUINDO SUPORTE E PLACA - FORNECIMENTO E INSTALAÇÃO. AF_03/2023 | E86: UN | F86: 7 | G86: 50.01 | H86: 62.51 | I86: 437.57
A87: 1.12.9. | B87: SINAPI | C87: 91996 | D87: TOMADA MÉDIA DE EMBUTIR (1 MÓDULO), 2P+T 10 A, INCLUINDO SUPORTE E PLACA - FORNECIMENTO E INSTALAÇÃO. AF_03/2023 | E87: UN | F87: 50 | G87: 34.69 | H87: 43.36 | I87: 2168
A88: 1.12.10. | B88: SEINFRA-MG | C88: ED-15763 | D88: CONJUNTO DE UM (1) MÓDULO COM FURO PARA SAÍDA DE FIO Ø10MM, COM PLACA 4"X2" DE UM (1) POSTO, INCLUSIVE FORNECIMENTO, INSTALAÇÃO, SUPORTE, MÓDULO E PLACA | E88: un | F88: 17 | G88: 14.2 | H88: 17.75 | I88: 301.75
A89: 1.12.11. | B89: SEINFRA-MG | C89: ED-15114 | D89: DISJUNTOR DE PROTEÇÃO DIFERENCIAL RESIDUAL (DR), BIPOLAR TIPO DIN, CORRENTE NOMINAL DE 25A, SENSIBILIDADE DE 30MA, FORNECIMENTO E INSTALAÇÃO, INCLUSIVE TERMINAL ILHÓS | E89: un | F89: 1 | G89: 122.74 | H89: 153.41 | I89: 153.41
A90: 1.12.12. | B90: SINAPI | C90: 93654 | D90: DISJUNTOR MONOPOLAR TIPO DIN, CORRENTE NOMINAL DE 16A - FORNECIMENTO E INSTALAÇÃO. AF_10/2020 | E90: UN | F90: 5 | G90: 17.97 | H90: 22.46 | I90: 112.3
... A97: 1.12.19. | B97: COMPOSIÇÃO | C97: CPU 001 | D97: LUMINÁRIA LED, DE SOBREPOR, 35/40W - FORNECIMENTO E INSTALAÇÃO | E97: UND | F97: 4 | G97: 85.06 | H97: 106.32 | I97: 425.28
A98: 1.13. | D98: SERVIÇOS FINAIS | I98: 3868.7
A99: 1.13.1. | B99: SEINFRA-MG | C99: ED-50266 | D99: LIMPEZA FINAL PARA ENTREGA DA OBRA | E99: m2 | F99: 410.69 | G99: 7.54 | H99: 9.42 | I99: 3868.7
D103: Ana Paula Mota Alves
D104: Engenheira Civil
D105: CREA SP 5062224000 visto MG 22220

Sheet QUANTITATIVOS
A1: MEMÓRIA CALCULO DE QUANTITATIVOS
A3: MUNICÍPIO: | B3: DELFIM MOREIRA ISS 4%
A4: OBRA: | B4: REFORMA DA ESCOLA MUNICIPAL JOAQUIM PERES
A5: DATA: | B5: AGOSTO DE 2024
B6: REVISÃO ZERO
A8: ITEM | B8: DESCRIÇÃO | C8: UNID. | D8: QUANT. | E8: Memória de Cálculo
A9: 1. | B9: REFORMA DA ESCOLA MUNICIPAL JOAQUIM PERES
A10: 1.1. | B10: ADMINISTRAÇÃO LOCAL
A11: 1.1.1. | B11: ENGENHEIRO CIVIL DE OBRA PLENO COM ENCARGOS COMPLEMENTARES | C11: H | D11: 80 | E11: 80 horas de acompanhamento ao longo de 4 meses
A12: 1.2. | B12: SERVIÇOS PRELIMINARES
A13: 1.2.1. | B13: FORNECIMENTO E INSTALAÇÃO DE PLACA DE OBRA COM CHAPA GALVANIZADA E ESTRUTURA DE MADEIRA. AF_03/2022_PS | C13: M2 | D13: 2 | E13: placa 2x1
A14: 1.3. | B14: DEMOLIÇÕES E REMOÇÕES
A15: 1.3.1. | B15: REMOÇÃO MANUAL DE FOLHA DE PORTA DE MADEIRA , SEM REAPROVEITAMENTO, INCLUSIVE AFASTAMENTO E EMPILHAMENTO, EXCLUSIVE TRANSPORTE E RETIRADA DO MATERIAL REMOVIDO NÃO REAPROVEITÁVEL | C15: m² | D15: 21.69 | E15: CONFORME TABELA AUXILIAR (REMOÇÃO DAS FOLHAS DE PORTAS E DA JANELA DA SECRETARIA)
A16: 1.3.2. | B16: REMOÇÃO DE PORTAS, DE FORMA MANUAL, SEM REAPROVEITAMENTO. AF_09/2023 | C16: M2 | D16: 5.04 | E16: REMOÇÃO DA PORTA DA COZINHA, SALA DE INFORMÁTICA E SALA DE AULA : 0,8X2,1*3
A17: 1.3.3. | B17: REMOÇÃO DE FORROS DE DRYWALL, PVC E FIBROMINERAL, DE FORMA MANUAL, SEM REAPROVEITAMENTO. AF_09/2023 | C17: M2 | D17: 292.88 | E17: CONFORME TABELA AUXILIAR
A18: 1.3.4. | B18: REMOÇÃO DE TRAMA METÁLICA OU DE MADEIRA PARA FORRO, DE FORMA MANUAL, SEM REAPROVEITAMENTO. AF_09/2023 | C18: M2 | D18: 292.88 | E18: CONFORME TABELA AUXILIAR
A19: 1.3.5. | B19: REMOÇÃO DE TELHAS DE FIBROCIMENTO METÁLICA E CERÂMICA, DE FORMA MANUAL, SEM REAPROVEITAMENTO. AF_09/2023 | C19: M2 | D19: 5.67 | E19: CONFORME TABELA AUXILIAR
A20: 1.3.6. | B20: REMOÇÃO MANUAL DE ENGRADAMENTO PARA TELHA TIPO METÁLICA, PVC OU FIBROCIMENTO, COM REAPROVEITAMENTO, INCLUSIVE AFASTAMENTO E EMPILHAMENTO, EXCLUSIVE TRANSPORTE E RETIRADA DO MATERIAL REMOVIDO NÃO REAPROVEITÁVEL | C20: m2 | D20: 5.67 | E20: CONFORME TABELA AUXILIAR
A21: 1.3.7. | B21: DEMOLIÇÃO MANUAL DE PISO CIMENTADO OU CONTRAPISO DE ARGAMASSA, COM ESPESSURA MÁXIMA DE 10CM, INCLUSIVE AFASTAMENTO E EMPILHAMENTO, EXCLUSIVE TRANSPORTE E RETIRADA DO MATERIAL DEMOLIDO | C21: m2 | D21: 141.98 | E21: Área do pátio: 141,98m²
A22: 1.3.8. | B22: DEMOLIÇÃO DE ALVENARIA DE BLOCO FURADO, DE FORMA MANUAL, SEM REAPROVEITAMENTO. AF_09/2023 | C22: M3 | D22: 0.67 | E22: FAZER NOVA ABERTURA PARA INSTALAÇÃO DE PORTA NA COZINHA E AUMENTAR EM 10 CM O VÃO DA PORTA DA SECRETARIA E SALA DE AULA (0,8x2,10x0,15)+(0,1*2,1*2)
A23: 1.3.9. | B23: DEMOLIÇÃO DE ARGAMASSAS, DE FORMA MANUAL, SEM REAPROVEITAMENTO. AF_09/2023 | C23: M2 | D23: 241.65 | E23: CONFORME TABELA AUXILIAR, faixa de 1,10m
A24: 1.4. | B24: ALVENARIA
A25: 1.4.1. | B25: ALVENARIA DE BLOCOS DE CONCRETO ESTRUTURAL 14X19X39 CM (ESPESSURA 14 CM), FBK = 4,5 MPA, UTILIZANDO COLHER DE PEDREIRO. AF_10/2022 | C25: M2 | D25: 2.64 | E25: CONFORME TABELA AUXILIAR
A26: 1.5. | B26: CORREÇÃO ESTRUTURAL
A27: 1.5.1. | B27: DEMOLIÇÃO MANUAL DE REBOCO OU EMBOÇO, COM ESPESSURA DE ATÉ 55MM, INCLUSIVE AFASTAMENTO E EMPILHAMENTO, EXCLUSIVE TRANSPORTE E RETIRADA DO MATERIAL DEMOLIDO | C27: m2 | D27: 12.1 | E27: COMPRIMENTO DAS TRINCAS x 0,50m =(1,2+1+0,5+1,3+1+0,8+1+1,2+0,8+1,5+3+2,1+2,8+0,8+2,1+1,1+2) x 0,5, CONFORME TABELA AUXILIAR
A28: 1.5.2. | B28: COSTURA DE TRINCA COM GRAMPO, BARRA DE AÇO CA-60 Ø4,2MM, COMPRIMENTO TOTAL 40CM, ESPAÇAMENTO DE 10CM, INCLUSIVE CORTE, DOBRA E ARGAMASSA, TRAÇO 1:4 (CIMENTO E AREIA), COM PREPARO MECANIZADO | C28: m | D28: 24.2 | E28: UMA FAIXA TOTAL DE 24,20 M DE TRINCA
A29: 1.5.3. | B29: TELA SOLDADA PARA LIGAÇÃO E PREVENÇÃO DE TRINCA EM ALVENARIA/ESTRUTURA, DIMENSÕES (50X12)CM, INCLUSIVE PINOS DE FIXAÇÃO, EXCLUSIVE REBOCO | C29: un | D29: 202 | E29: 202 UNIDADES DE TELA DE 50X12 PARA CORREÇÃO DE 24,20M DE TRINCA : 24,20/0,12
A30: 1.5.4. | B30: ENTELAMENTO PREVENTIVO DE SUPERFÍCIE SUJEITA A TRINCA, INCLUSIVE TELA DE POLIÉSTER ESTRUTURANTE, LARGURA DE 25CM, EXCLUSIVE REVESTIMENTO DE ACABAMENTO | C30: m | D30: 24.2 | E30: UMA FAIXA TOTAL DE 24,20 M DE TRINCA
A31: 1.5.5. | B31: CHAPISCO COM ARGAMASSA, TRAÇO 1:3 (CIMENTO E AREIA), ESP. 5MM, APLICADO EM ALVENARIA COM PENEIRA, INCLUSIVE ARGAMASSA COM PREPARO MECANIZADO | C31: m2 | D31: 12.1 | E31: UMA FAIXA DE 50 CM DE TRINCA COM 24,20 M : 24,20x0,5
A32: 1.5.6. | B32: REVESTIMENTO COM ARGAMASSA EM CAMADA ÚNICA, APLICADO EM PAREDE, TRAÇO 1:3 (CIMENTO E AREIA), ESP. 20MM, APLICAÇÃO MANUAL, INCLUSIVE ARGAMASSA COM PREPARO MECANIZADO, EXCLUSIVE CHAPISCO | C32: m2 | D32: 12.1 | E32: UMA FAIXA DE 50 CM DE TRINCA COM 24,20 M : 24,20x0,6
A33: 1.6. | B33: REVESTIMENTO
A34: 1.6.1. | B34: CHAPISCO APLICADO EM ALVENARIAS E ESTRUTURAS DE CONCRETO INTERNAS, COM COLHER DE PEDREIRO. ARGAMASSA TRAÇO 1:3 COM PREPARO EM BETONEIRA 400L. AF_10/2022 | C34: M2 | D34: 243.57 | E34: CONFORME TABELA AUXILIAR
A35: 1.6.2. | B35: REBOCO COM ARGAMASSA, TRAÇO 1:2:9 (CIMENTO, CAL E AREIA), COM ADITIVO IMPERMEABILIZANTE, ESP. 20MM, APLICAÇÃO MANUAL, INCLUSIVE ARGAMASSA COM PREPARO MECANIZADO, EXCLUSIVE CHAPISCO | C35: m2 | D35: 243.57 | E35: CONFORME TABELA AUXILIAR
A36: 1.6.3. | B36: IMPERMEABILIZAÇÃO DE SUPERFÍCIE COM ARGAMASSA POLIMÉRICA / MEMBRANA ACRÍLICA, 3 DEMÃOS. AF_09/2023 | C36: M2 | D36: 243.57 | E36: CONFORME TABELA AUXILIAR
A37: 1.7. | B37: PISO
A38: 1.7.1. | B38: EXECUÇÃO DE PASSEIO (CALÇADA) OU PISO DE CONCRETO COM CONCRETO MOLDADO IN LOCO, FEITO EM OBRA, ACABAMENTO CONVENCIONAL, ESPESSURA 6 CM, ARMADO. AF_08/2022 | C38: M2 | D38: 141.98 | E38: Área do pátio: 141,98m²
A39: 1.8. | B39: PINTURA
A40: 1.8.1. | B40: FUNDO SELADOR ACRÍLICO, APLICAÇÃO MANUAL EM PAREDE, UMA DEMÃO. AF_04/2023 | C40: M2 | D40: 821.36 | E40: CONFORME TABELA AUXILIAR
A41: 1.8.2. | B41: PINTURA ESMALTE EM SUPERFÍCIE DE CONCRETO/ALVENARIA, DUAS (2) DEMÃOS, EXCLUSIVE SELADOR ACRÍLICO E MASSA ACRÍLICA/CORRIDA (PVA) | C41: m2 | D41: 243.57 | E41: CONFORME TABELA AUXILIAR
A42: 1.8.3. | B42: PINTURA LÁTEX ACRÍLICA PREMIUM, APLICAÇÃO MANUAL EM PAREDES, DUAS DEMÃOS. AF_04/2023 | C42: M2 | D42: 577.78 | E42: CONFORME TABELA AUXILIAR
A43: 1.8.4. | B43: PINTURA ESMALTE EM ESQUADRIA DE MADEIRA, DUAS (2) DEMÃOS, INCLUSIVE UMA (1) DEMÃO DE FUNDO NIVELADOR, EXCLUSIVE MASSA A ÓLEO | C43: m2 | D43: 93.87 | E43: CONFORME TABELA AUXILIAR (ÁREA DA PORTA *3)
A44: 1.8.5. | B44: PINTURA ESMALTE EM ESQUADRIAS DE FERRO, DUAS (2) DEMÃOS, INCLUSIVE UMA (1) DEMÃO DE FUNDO ANTICORROSIVO | C44: m2 | D44: 43.91 | E44: CONFORME TABELA AUXILIAR
A45: 1.9. | B45: COBERTURA e FORRO
A46: 1.9.1. | B46: CALHA EM CHAPA DE AÇO GALVANIZADO NÚMERO 24, DESENVOLVIMENTO DE 33 CM, INCLUSO TRANSPORTE VERTICAL. AF_07/2019 | C46: M | D46: 50.41 | E46: CONFORME TABELA AUXILIAR
A47: 1.9.2. | B47: FORRO EM RÉGUAS DE PVC, LISO, PARA AMBIENTES COMERCIAIS, INCLUSIVE ESTRUTURA BIDIRECIONAL DE FIXAÇÃO. AF_08/2023_PS | C47: M2 | D47: 292.88 | E47: CONFORME TABELA AUXILIAR
A48: 1.9.3. | B48: ACABAMENTOS PARA FORRO (RODA-FORRO EM PERFIL METÁLICO E PLÁSTICO). AF_08/2023 | C48: M | D48: 251.28 | E48: CONFORME TABELA AUXILIAR
A49: 1.9.4. | B49: TRAMA DE MADEIRA COMPOSTA POR TERÇAS PARA TELHADOS DE ATÉ 2 ÁGUAS PARA TELHA ONDULADA DE FIBROCIMENTO, METÁLICA, PLÁSTICA OU TERMOACÚSTICA, INCLUSO TRANSPORTE VERTICAL. AF_07/2019 | C49: M2 | D49: 15.83 | E49: CONFORME TABELA AUXILIAR
A50: 1.9.5. | B50: TELHAMENTO COM TELHA ONDULADA DE FIBROCIMENTO E = 6 MM, COM RECOBRIMENTO LATERAL DE 1/4 DE ONDA PARA TELHADO COM INCLINAÇÃO MAIOR QUE 10°, COM ATÉ 2 ÁGUAS, INCLUSO IÇAMENTO. AF_07/2019 | C50: M2 | D50: 15.83 | E50: CONFORME TABELA AUXILIAR
A51: 1.10. | B51: ESQUADRIAS
A52: 1.10.1. | B52: PORTA METÁLICA, TIPO DE CORRER, COM UMA (1) FOLHA, EM CHAPA GALVANIZADA LAMBRIL, MODELO ONDULADA, INCLUSIVE FORNECIMENTO, ASSENTAMENTO, PERFIS PARA MARCO E PINTURA ANTICORROSIVA COM UMA (1) DEMÃO, EXCLUSIVE FECHADURA E ROLDANAS | C52: m2 | D52: 1.68 | E52: PORTA NOVA DA COZINHA DE CORRER 0,8X2,10
A53: 1.10.2. | B53: PORTA EM ALUMÍNIO DE ABRIR TIPO VENEZIANA COM GUARNIÇÃO, FIXAÇÃO COM PARAFUSOS - FORNECIMENTO E INSTALAÇÃO. AF_12/2019 | C53: M2 | D53: 2.83 | E53: PORTAS EMBAIXO DAS BANCADAS DA PIA (CONFORME TABELA AUXILIAR)
A54: 1.10.3. | B54: FOLHAS DE PORTA DE MADEIRA LEVE OU MÉDIA DE 80CM DE LARGURA, FORNECIMENTO E INSTALAÇÃO | C54: UN | D54: 10 | E54: CONFORME TABELA AUXILIAR
A55: 1.10.4. | B55: FOLHAS DE PORTA DE MADEIRA LEVE OU MÉDIA DE 90CM DE LARGURA, FORNECIMENTO E INSTALAÇÃO | C55: UN | D55: 1 | E55: CONFORME TABELA AUXILIAR
A56: 1.10.5. | B56: FECHADURA DE EMBUTIR PARA PORTAS INTERNAS, COMPLETA, ACABAMENTO PADRÃO MÉDIO, COM EXECUÇÃO DE FURO - FORNECIMENTO E INSTALAÇÃO. AF_12/2019 | C56: UN | D56: 11 | E56: NUMÉRO DE FOLHAS DE PORTAS A SEREM TROCADAS
A57: 1.10.6. | B57: INSTALAÇÃO DE VIDRO IMPRESSO, E = 4 MM, EM ESQUADRIA DE ALUMÍNIO OU PVC, FIXADO COM BAGUETE. AF_01/2021_PS | C57: M2 | D57: 0.24 | E57: CONFORME TABELA AUXILIAR
A58: 1.10.7. | B58: KIT DE PORTA DE MADEIRA PARA PINTURA, SEMI-OCA (LEVE OU MÉDIA), PADRÃO MÉDIO, 90X210CM, ESPESSURA DE 3,5CM, ITENS INCLUSOS: DOBRADIÇAS, MONTAGEM E INSTALAÇÃO DO BATENTE, FECHADURA COM EXECUÇÃO DO FURO - FORNECIMENTO E INSTALAÇÃO. AF_12/2019 | C58: UN | D58: 2 | E58: CONFORME TABELA AUXILIAR
A59: 1.10.8. | B59: JANELA DE ALUMÍNIO DE CORRER COM 4 FOLHAS PARA VIDROS, COM VIDROS, BATENTE, ACABAMENTO COM ACETATO OU BRILHANTE E FERRAGENS. EXCLUSIVE ALIZAR E CONTRAMARCO. FORNECIMENTO E INSTALAÇÃO. AF_12/2019 | C59: M2 | D59: 3 | E59: CONFORME TABELA AUXILIAR
A60: 1.10.9. | B60: BARRA DE APOIO EM AÇO INOX POLIDO RETA, DN 1.1/4" (31,75MM), PARA ACESSIBILIDADE (PMR/PCR), COMPRIMENTO 40CM, INSTALADO EM PORTA/PAREDE, INCLUSIVE FORNECIMENTO, INSTALAÇÃO E ACESSÓRIOS PARA FIXAÇÃO | C60: un | D60: 3 | E60: INSTALAR NAS PORTAS DE 90 CM
A61: 1.10.10. | B61: BANCADA EM GRANITO CINZA ANDORINHA E = 3 CM, APOIADA EM CONSOLE DE METALON 20 X 30 MM | C61: m2 | D61: 0.8 | E61: BANCADA GRANITO NA JANELA DE ATENDIMENTO DA SECRETARIA : 0,40*2
A62: 1.11. | B62: OUTROS SERVIÇOS
A63: 1.11.1. | B63: PONTO DE EMBUTIR PARA GÁS EM TUBO DE COBRE CLASSE "A" SEM COSTURA SOLDÁVEL, DN 1/2" (15MM), EMBUTIDO NA ALVENARIA COM DISTÂNCIA DE ATÉ CINCO (5) METROS DO RAMAL DE ABASTECIMENTO, INCLUSIVE CONEXÕES E FIXAÇÃO DO TUBO COM ENCHIMENTO DO RASGO NA ALVENARIA/CONCRETO COM ARGAMASSA | C63: un | D63: 2 | E63: CONFORME TABELA AUXILIAR
A64: 1.11.2. | B64: PONTO DE EMBUTIR PARA ÁGUA FRIA EM TUBO DE PVC RÍGIDO SOLDÁVEL, DN 20MM (1/2"), EMBUTIDO NA ALVENARIA COM DISTÂNCIA DE ATÉ CINCO (5) METROS DA TOMADA DE ÁGUA, INCLUSIVE CONEXÕES E FIXAÇÃO DO TUBO COM ENCHIMENTO DO RASGO NA ALVENARIA/CONCRETO COM ARGAMASSA | C64: un | D64: 1 | E64: CONFORME TABELA AUXILIAR
A65: 1.11.3. | B65: PONTO DE EMBUTIR PARA ESGOTO EM TUBO PVC RÍGIDO, PB - SÉRIE NORMAL, DN 40MM (1.1/2"), EMBUTIDO NA ALVENARIA/PISO, COM ALTURA (SAÍDA) DE 50CM DO PISO, COM DISTÂNCIA DE ATÉ CINCO (5) METROS DO RAMAL DE ESGOTO, EXCLUSIVE ESCAVAÇÃO, INCLUSIVE CONEXÕES E FIXAÇÃO DO TUBO COM ENCHIMENTO DO RASGO NA ALVENARIA/CONCRETO COM ARGAMASSA | C65: un | D65: 1 | E65: CONFORME TABELA AUXILIAR
A66: 1.11.4. | B66: BANCADA EM GRANITO, COR CINZA ANDORINHA, ESP. 2CM, ACABAMENTO POLIDO, APOIADA EM ALVENARIA, EXCLUSIVE ALVENARIA, RODABANCA/FRONTÃO, TESTEIRA/FAIXA, FURO EM BANCADA, CUBA METÁLICA, VÁLVULA, SIFÃO, TORNEIRA E ENGATE FLEXÍVEL | C66: m2 | D66: 1.82 | E66: NOVA BANCADA COZINHA 2,60X0,70
A67: 1.11.5. | B67: PRATELEIRA DE GRANITO CINZA ANDORINHA, E = 2 CM, APOIADA SOBRE ALVENARIA | C67: m2 | D67: 2.7 | E67: Para a nova bancada da cozinha, sendo uma prateleira na meia-altura sob a sapata, de 2x1,24x0,60m e 2x1,04x0,60m
A68: 1.11.6. | B68: RODAPÉ EM GRANITO, ALTURA 10 CM. AF_09/2020 | C68: M | D68: 3.3 | E68: A sapata deve receber acabamento em rodapé de granito de 10cm de altura
A69: 1.11.7. | B69: RODABANCA/FRONTÃO PARA BANCADA EM GRANITO, COR CINZA ANDORINHA, ESP. 2CM, ALTURA DE 10CM, INCLUSIVE REJUNTAMENTO EM MASSA PLÁSTICA NA COR DA PEDRA | C69: m | D69: 2.6 | E69: RODABANCA BANCADA NOVA 2,60m
A70: 1.11.8. | B70: TESTEIRA EM GRANITO CINZA ANDORINHA | C70: m | D70: 4 | E70: TESTEIRA BANCADA NOVA 2,60+0,70+0,70M
A71: 1.11.9. | B71: CUBA EM AÇO INOXIDÁVEL DE EMBUTIR, AISI 304, APLICAÇÃO PARA TANQUE (600X600X400MM), ASSENTAMENTO EM BANCADA, INCLUSIVE VÁLVULA DE ESCOAMENTO DE METAL COM ACABAMENTO CROMADO, SIFÃO DE METAL TIPO COPO COM ACABAMENTO CROMADO, FORNECIMENTO E INSTALAÇÃO | C71: un | D71: 1 | E71: CUBA NOVA BANCADA
A72: 1.11.10. | B72: TORNEIRA CROMADA TUBO MÓVEL, DE PAREDE, 1/2" OU 3/4", PARA PIA DE COZINHA, PADRÃO MÉDIO - FORNECIMENTO E INSTALAÇÃO. AF_01/2020 | C72: UN | D72: 1 | E72: PARA A NOVA CUBA
A73: 1.11.11. | B73: ESTACA BROCA DE CONCRETO, DIÂMETRO DE 25CM, ESCAVAÇÃO MANUAL COM TRADO CONCHA, COM ARMADURA DE ARRANQUE. AF_05/2020 | C73: M | D73: 3 | E73: PARA PILAR DA NOVA COBERTURA DA LAVANDERIA
A74: 1.11.12. | B74: PILAR EM CONCRETO APARENTE 20 MPa, INCLUSIVE ARMAÇÃO, FÔRMA PLASTIFICADA E DESFORMA | C74: m3 | D74: 0.08 | E74: PARA APOIO DA COBERTURA DA NOVA LAVANDERIA, 20X20X210CM
A75: 1.12. | B75: INSTALAÇÕES ELÉTRICAS
A76: 1.12.1. | B76: REMOÇÃO MANUAL DE LUMINÁRIA COMPACTA (PLAFON, PAINEL LED, ETC.) EMBUTIDA OU SOBREPOR, COM REAPROVEITAMENTO, INCLUSIVE AFASTAMENTO E EMPILHAMENTO, EXCLUSIVE TRANSPORTE E RETIRADA DO MATERIAL REMOVIDO NÃO REAPROVEITÁVEL | C76: un | D76: 45 | E76: REMOÇÃO DE TODAS AS LUMINÁRIAS EXISTENTES
A77: 1.12.2. | B77: RE-INSTALAÇÃO DE LUMINÁRIAS DE SOBREPOR | C77: UND | D77: 43 | E77: RE-INSTALAÇÃO DE LUMINÁRIAS REMOVIDAS, EXCETO NA COZINHA
A78: 1.12.3. | B78: CAIXA DE PASSAGEM SOBREPOR EM AÇO - FORNECIMENTO E INSTALAÇÃO | C78: und | D78: 82 | E78: CONFORME PROJETO
A79: 1.12.4. | B79: CAIXA DE LIGAÇÃO/PASSAGEM EM PVC RÍGIDO PARA ELETRODUTO, DIMENSÕES 4"X2", EMBUTIDA EM ALVENARIA - FORNECIMENTO E INSTALAÇÃO | C79: un | D79: 84 | E79: CONFORME PROJETO
A80: 1.12.5. | B80: CABO DE COBRE FLEXÍVEL ISOLADO, 2,5 MM², ANTI-CHAMA 450/750 V, PARA CIRCUITOS TERMINAIS - FORNECIMENTO E INSTALAÇÃO. AF_03/2023 | C80: M | D80: 1353.33 | E80: CONFORME PROJETO
A81: 1.12.6. | B81: INTERRUPTOR SIMPLES (1 MÓDULO), 10A/250V, INCLUINDO SUPORTE E PLACA - FORNECIMENTO E INSTALAÇÃO. AF_03/2023 | C81: UN | D81: 7 | E81: CONFORME PROJETO
A82: 1.12.7. | B82: INTERRUPTOR SIMPLES (1 MÓDULO) COM INTERRUPTOR PARALELO (1 MÓDULO), 10A/250V, INCLUINDO SUPORTE E PLACA - FORNECIMENTO E INSTALAÇÃO. AF_03/2023 | C82: UN | D82: 2 | E82: CONFORME PROJETO
A83: 1.12.8. | B83: INTERRUPTOR SIMPLES (1 MÓDULO) COM 1 TOMADA DE EMBUTIR 2P+T 10 A, INCLUINDO SUPORTE E PLACA - FORNECIMENTO E INSTALAÇÃO. AF_03/2023 | C83: UN | D83: 7 | E83: CONFORME PROJETO
A84: 1.12.9. | B84: TOMADA MÉDIA DE EMBUTIR (1 MÓDULO), 2P+T 10 A, INCLUINDO SUPORTE E PLACA - FORNECIMENTO E INSTALAÇÃO. AF_03/2023 | C84: UN | D84: 50 | E84: CONFORME PROJETO
A85: 1.12.10. | B85: CONJUNTO DE UM (1) MÓDULO COM FURO PARA SAÍDA DE FIO Ø10MM, COM PLACA 4"X2" DE UM (1) POSTO, INCLUSIVE FORNECIMENTO, INSTALAÇÃO, SUPORTE, MÓDULO E PLACA | C85: un | D85: 17 | E85: CONFORME PROJETO
A86: 1.12.11. | B86: DISJUNTOR DE PROTEÇÃO DIFERENCIAL RESIDUAL (DR), BIPOLAR TIPO DIN, CORRENTE NOMINAL DE 25A, SENSIBILIDADE DE 30MA, FORNECIMENTO E INSTALAÇÃO, INCLUSIVE TERMINAL ILHÓS | C86: un | D86: 1 | E86: CONFORME PROJETO
A87: 1.12.12. | B87: DISJUNTOR MONOPOLAR TIPO DIN, CORRENTE NOMINAL DE 16A - FORNECIMENTO E INSTALAÇÃO. AF_10/2020 | C87: UN | D87: 5 | E87: CONFORME PROJETO
... A94: 1.12.19. | B94: LUMINÁRIA LED, DE SOBREPOR, 35/40W - FORNECIMENTO E INSTALAÇÃO | C94: UND | D94: 4 | E94: NOVAS LUMINÁRIAS NA COZINHA
A95: 1.13. | B95: SERVIÇOS FINAIS
A96: 1.13.1. | B96: LIMPEZA FINAL PARA ENTREGA DA OBRA | C96: m2 | D96: 410.69 | E96: ÁREA CONSTRUÍDA
B101: Ana Paula Mota Alves
B102: Engenheira Civil
B103: CREA SP 5062224000 visto MG 22220

Sheet CRONOGRAMA
A1: CRONOGRAMA FÍSICO-FINANCEIRO
A3: MUNICÍPIO: | B3: ='PLANILHA ORÇAMENTÁRIA'!C3 -> DELFIM MOREIRA ISS 4%
A4: OBRA: | B4: ='PLANILHA ORÇAMENTÁRIA'!C4 -> REFORMA DA ESCOLA MUNICIPAL JOAQUIM PERES
A5: DATA: | B5: ='PLANILHA ORÇAMENTÁRIA'!C5 -> AGOSTO DE 2024
B6: ='PLANILHA ORÇAMENTÁRIA'!C6 -> REVISÃO ZERO
A7: BDI: | B7: ='PLANILHA ORÇAMENTÁRIA'!C7 -> 0.2499
A8: REF.: | B8: ='PLANILHA ORÇAMENTÁRIA'!C8 -> SINAPI BH JULHO/2024 NÃO-DESONERADO
B9: ='PLANILHA ORÇAMENTÁRIA'!C9 -> SEINFRA-MG SUL ABRIL/2024 NÃO DESONERADO
A11: ITEM | B11: DESCRIÇÃO | C11: ='PLANILHA ORÇAMENTÁRIA'!I11 -> VALOR TOTAL COM BDI | D11: MÊS 1 | E11: MÊS 2 | F11: MÊS 3 | G11: MÊS 4 | H11: TOTAL
A12: 1.1 | B12: ='PLANILHA ORÇAMENTÁRIA'!D13 -> ADMINISTRAÇÃO LOCAL | C12: =C13/$C$42 -> 0.066692057 | D12: =D39 -> 0.094463796 | E12: =E39 -> 0.12390169 | F12: =F39 -> 0.44542271 | G12: =G39 -> 0.33621181 | H12: =SUM(D12:G12) -> 1
C13: ='PLANILHA ORÇAMENTÁRIA'!I13 -> 12198.4 | D13: =D12*$C$13 -> 1152.3072 | E13: =E12*$C$13 -> 1511.4024 | F13: =F12*$C$13 -> 5433.4443 | G13: =G12*$C$13 -> 4101.2461 | H13: =SUM(D13:G13) -> 12198.4
A14: 1.2 | B14: ='PLANILHA ORÇAMENTÁRIA'!D15 -> SERVIÇOS PRELIMINARES | C14: =C15/$C$42 -> 0.004207946 | D14: 1 | H14: =SUM(D14:G14) -> 1
C15: ='PLANILHA ORÇAMENTÁRIA'!I15 -> 769.66 | D15: =D14*$C15 -> 769.66 | E15: =E14*$C15 -> 0 | F15: =F14*$C15 -> 0 | G15: =G14*$C15 -> 0 | H15: =SUM(D15:G15) -> 769.66
A16: 1.3 | B16: ='PLANILHA ORÇAMENTÁRIA'!D17 -> DEMOLIÇÕES E REMOÇÕES | C16: =C17/$C$42 -> 0.049203324 | D16: =3340.18/C17 -> 0.37114761 | F16: =1-D16 -> 0.62885239 | H16: =SUM(D16:G16) -> 1
C17: ='PLANILHA ORÇAMENTÁRIA'!I17 -> 8999.6 | D17: =D16*$C17 -> 3340.18 | E17: =E16*$C17 -> 0 | F17: =F16*$C17 -> 5659.42 | G17: =G16*$C17 -> 0 | H17: =SUM(D17:G17) -> 8999.6
A18: 1.4 | B18: ='PLANILHA ORÇAMENTÁRIA'!D27 -> ALVENARIA | C18: =C19/$C$42 -> 0.0017799274 | D18: 1 | H18: =SUM(D18:G18) -> 1
C19: ='PLANILHA ORÇAMENTÁRIA'!I27 -> 325.56 | D19: =D18*$C19 -> 325.56 | E19: =E18*$C19 -> 0 | F19: =F18*$C19 -> 0 | G19: =G18*$C19 -> 0 | H19: =SUM(D19:G19) -> 325.56
A20: 1.5 | B20: ='PLANILHA ORÇAMENTÁRIA'!D29 -> CORREÇÃO ESTRUTURAL | C20: =C21/$C$42 -> 0.023717439 | F20: 1 | H20: =SUM(D20:G20) -> 1
C21: ='PLANILHA ORÇAMENTÁRIA'!I29 -> 4338.07 | D21: =D20*$C21 -> 0 | E21: =E20*$C21 -> 0 | F21: =F20*$C21 -> 4338.07 | G21: =G20*$C21 -> 0 | H21: =SUM(D21:G21) -> 4338.07
A22: 1.6 | B22: ='PLANILHA ORÇAMENTÁRIA'!D36 -> REVESTIMENTO | C22: =C23/$C$42 -> 0.14479197 | F22: 1 | H22: =SUM(D22:G22) -> 1
C23: ='PLANILHA ORÇAMENTÁRIA'!I36 -> 26483.37 | D23: =D22*$C23 -> 0 | E23: =E22*$C23 -> 0 | F23: =F22*$C23 -> 26483.37 | G23: =G22*$C23 -> 0 | H23: =SUM(D23:G23) -> 26483.37
A24: 1.7 | B24: ='PLANILHA ORÇAMENTÁRIA'!D40 -> PISO | C24: =C25/$C$42 -> 0.07992987 | E24: 1 | H24: =SUM(D24:G24) -> 1
C25: ='PLANILHA ORÇAMENTÁRIA'!I40 -> 14619.68 | D25: =D24*$C25 -> 0 | E25: =E24*$C25 -> 14619.68 | F25: =F24*$C25 -> 0 | G25: =G24*$C25 -> 0 | H25: =SUM(D25:G25) -> 14619.68
A26: 1.8 | B26: ='PLANILHA ORÇAMENTÁRIA'!D42 -> PINTURA | C26: =C27/$C$42 -> 0.15046192 | G26: 1 | H26: =SUM(D26:G26) -> 1
C27: ='PLANILHA ORÇAMENTÁRIA'!I42 -> 27520.44 | D27: =D26*$C27 -> 0 | E27: =E26*$C27 -> 0 | F27: =F26*$C27 -> 0 | G27: =G26*$C27 -> 27520.44 | H27: =SUM(D27:G27) -> 27520.44
A28: 1.9 | B28: ='PLANILHA ORÇAMENTÁRIA'!D48 -> COBERTURA e FORRO | C28: =C29/$C$42 -> 0.20428248 | D28: =5568.72/C29 -> 0.14903748 | F28: 0.5 | G28: =1-F28-D28 -> 0.35096252 | H28: =SUM(D28:G28) -> 1
C29: ='PLANILHA ORÇAMENTÁRIA'!I48 -> 37364.56 | D29: =D28*$C29 -> 5568.72 | E29: =E28*$C29 -> 0 | F29: =F28*$C29 -> 18682.28 | G29: =G28*$C29 -> 13113.56 | H29: =SUM(D29:G29) -> 37364.56
A30: 1.10 | B30: ='PLANILHA ORÇAMENTÁRIA'!D54 -> ESQUADRIAS | C30: =C31/$C$42 -> 0.079352361 | E30: 0.45 | F30: 0.55 | H30: =SUM(D30:G30) -> 1
C31: ='PLANILHA ORÇAMENTÁRIA'!I54 -> 14514.05 | D31: =D30*$C31 -> 0 | E31: =E30*$C31 -> 6531.3225 | F31: =F30*$C31 -> 7982.7275 | G31: =G30*$C31 -> 0 | H31: =SUM(D31:G31) -> 14514.05
A32: 1.11 | B32: ='PLANILHA ORÇAMENTÁRIA'!D65 -> OUTROS SERVIÇOS | C32: =C33/$C$42 -> 0.033468495 | D32: 1 | H32: =SUM(D32:G32) -> 1
C33: ='PLANILHA ORÇAMENTÁRIA'!I65 -> 6121.6 | D33: =D32*$C33 -> 6121.6 | E33: =E32*$C33 -> 0 | F33: =F32*$C33 -> 0 | G33: =G32*$C33 -> 0 | H33: =SUM(D33:G33) -> 6121.6
A34: 1.12 | B34: ='PLANILHA ORÇAMENTÁRIA'!D78 -> INSTALAÇÕES ELÉTRICAS | C34: =C35/$C$42 -> 0.14096094 | F34: 0.5 | G34: 0.5 | H34: =SUM(D34:G34) -> 1
C35: ='PLANILHA ORÇAMENTÁRIA'!I78 -> 25782.65 | D35: =D34*$C35 -> 0 | E35: =E34*$C35 -> 0 | F35: =F34*$C35 -> 12891.325 | G35: =G34*$C35 -> 12891.325 | H35: =SUM(D35:G35) -> 25782.65
A36: 1.13 | B36: ='PLANILHA ORÇAMENTÁRIA'!D98 -> SERVIÇOS FINAIS | C36: =C37/$C$42 -> 0.021151262 | G36: 1 | H36: =SUM(D36:G36) -> 1
C37: ='PLANILHA ORÇAMENTÁRIA'!I98 -> 3868.7 | D37: =D36*$C37 -> 0 | E37: =E36*$C37 -> 0 | F37: =F36*$C37 -> 0 | G37: =G36*$C37 -> 3868.7 | H37: =SUM(D37:G37) -> 3868.7
B39: Físico % | C39: =C26+C24+C22+C20+C18+C16+C14+C28+C30+C32+C34+C36 -> 0.93330794 | D39: =D40/C40 -> 0.094463796 | E39: =E40/C40 -> 0.12390169 | F39: =F40/C40 -> 0.44542271 | G39: =G40/C40 -> 0.33621181 | H39: =H40/C40 -> 1
B40: Total sem ADM Local | C40: =C27+C25+C23+C21+C19+C17+C15+C29+C31+C33+C35+C37 -> 170707.94 | D40: =D27+D25+D23+D21+D19+D17+D15+D29+D31+D33+D35+D37 -> 16125.72 | E40: =E27+E25+E23+E21+E19+E17+E15+E29+E31+E33+E35+E37 -> 21151.003 | F40: =F27+F25+F23+F21+F19+F17+F15+F29+F31+F33+F35+F37 -> 76037.193 | G40: =G27+G25+G23+G21+G19+G17+G15+G29+G31+G33+G35+G37 -> 57394.025 | H40: =H27+H25+H23+H21+H19+H17+H15+H29+H31+H33+H35+H37 -> 170707.94
A41: TOTAL | B41: Físico % | C41: =C26+C24+C22+C20+C18+C16+C14+C12+C28+C30+C32+C34+C36 -> 1 | D41: =D42/C42 -> 0.094463796 | E41: =E42/C42 -> 0.12390169 | F41: =F42/C42 -> 0.44542271 | G41: =G42/C42 -> 0.33621181 | H41: =H42/C42 -> 1
B42: Total | C42: =C27+C25+C23+C21+C19+C17+C15+C13+C29+C31+C33+C35+C37 -> 182906.34 | D42: =D27+D25+D23+D21+D19+D17+D15+D13+D29+D31+D33+D35+D37 -> 17278.027 | E42: =E27+E25+E23+E21+E19+E17+E15+E13+E29+E31+E33+E35+E37 -> 22662.405 | F42: =F27+F25+F23+F21+F19+F17+F15+F13+F29+F31+F33+F35+F37 -> 81470.637 | G42: =G27+G25+G23+G21+G19+G17+G15+G13+G29+G31+G33+G35+G37 -> 61495.271 | H42: =H27+H25+H23+H21+H19+H17+H15+H13+H29+H31+H33+H35+H37 -> 182906.34
B45: Ana Paula Mota Alves
B46: Engenheira Civil
B47: CREA SP 5062224000 visto MG 22220

Sheet COMPOSIÇÕES DIFERENCIADAS
A1: COMPOSIÇÕES DIFERENCIADAS
A3: MUNICÍPIO: | C3: DELFIM MOREIRA ISS 4%
A4: OBRA: | C4: REFORMA DA ESCOLA MUNICIPAL JOAQUIM PERES
A5: DATA: | C5: MARÇO DE 2024
C6: REVISÃO ZERO
A7: Referência | B7: Código | C7: Descrição | D7: Unid. | E7: Multiplicador | F7: Preço
F8: Unitário | G8: Total
A10: COMPOSIÇÃO | B10: CPU 001 | C10: LUMINÁRIA LED, DE SOBREPOR, 35/40W - FORNECIMENTO E INSTALAÇÃO | D10: UND | G10: 85.06
A11: SEINFRA-I | B11: MATED-9874 | C11: LÂMPADA (TIPO: LED|FORMATO: TUBULAR|COMPRIMENTO: 240CM/DIÂMETRO: T8[Ø26MM]|POTÊNCIA: 40W|LÚMENS: 3900LM|COR DA LUZ: BRANCA-6500K|SOQUETE-BASE: G13|TENSÃO: 110/220V) | D11: un | E11: 1 | F11: 65.99 | G11: 65.99
A12: SINAPI | B12: 88247 | C12: AUXILIAR DE ELETRICISTA COM ENCARGOS COMPLEMENTARES | D12: H | E12: 0.37 | F12: 23.03 | G12: 8.52
A13: SINAPI | B13: 88264 | C13: ELETRICISTA COM ENCARGOS COMPLEMENTARES | D13: H | E13: 0.37 | F13: 28.54 | G13: 10.55
A15: COMPOSIÇÃO | B15: CPU 002 | C15: REMOÇÃO MANUAL DE FOLHA DE PORTA DE MADEIRA , SEM REAPROVEITAMENTO, INCLUSIVE AFASTAMENTO E EMPILHAMENTO, EXCLUSIVE TRANSPORTE E RETIRADA DO MATERIAL REMOVIDO NÃO REAPROVEITÁVEL | D15: m² | G15: 19.24
A16: SINAPI | B16: 88309 | C16: PEDREIRO COM ENCARGOS COMPLEMENTARES | D16: H | E16: 0.3963964 | F16: 28.15 | G16: 11.15
A17: SINAPI | B17: 88316 | C17: SERVENTE COM ENCARGOS COMPLEMENTARES | D17: H | E17: 0.3963964 | F17: 20.41 | G17: 8.09
A19: COMPOSIÇÃO | B19: CPU 003 | C19: CAIXA DE PASSAGEM SOBREPOR EM AÇO - FORNECIMENTO E INSTALAÇÃO | D19: und | G19: 43.05
A20: SEINFRA-I | B20: MATED-11908 | C20: CAIXA DE PASSAGEM (MATERIAL: AÇO|TIPO: SOBREPOR|COMPRIMENTO*: 102MM|LARGURA*: 102MM|PROFUNDIDADE*: 82MM|ACABAMENTO: PINTURA ELETROSTÁTICA|TAMPA: INCLUSO|REFERÊNCIA: CPS-10 OU EQUIVALENTE)*VALORES REFERENCIAIS APROXIMADOS | D20: un | E20: 1 | F20: 31.6065 | G20: 31.6
A21: SINAPI | B21: 88247 | C21: AUXILIAR DE ELETRICISTA COM ENCARGOS COMPLEMENTARES | D21: H | E21: 0.222 | F21: 23.03 | G21: 5.11
A22: SINAPI | B22: 88264 | C22: ELETRICISTA COM ENCARGOS COMPLEMENTARES | D22: H | E22: 0.222 | F22: 28.54 | G22: 6.33
A24: COMPOSIÇÃO | B24: CPU 004 | C24: FOLHAS DE PORTA DE MADEIRA LEVE OU MÉDIA DE 80CM DE LARGURA, FORNECIMENTO E INSTALAÇÃO | D24: UN | G24: 279.5
A25: SINAPI-I | B25: 11055 | C25: PARAFUSO ROSCA SOBERBA ZINCADO CABECA CHATA FENDA SIMPLES 3,5 X 25 MM (1 ") | D25: UN | E25: 19.8 | F25: 0.1 | G25: 1.98
A26: SINAPI | B26: 88261 | C26: CARPINTEIRO DE ESQUADRIA COM ENCARGOS COMPLEMENTARES | D26: H | E26: 1.546 | F26: 31.35 | G26: 48.46
A27: SINAPI | B27: 88309 | C27: PEDREIRO COM ENCARGOS COMPLEMENTARES | D27: H | E27: 0.221 | F27: 28.15 | G27: 6.22
A28: SINAPI | B28: 88316 | C28: SERVENTE COM ENCARGOS COMPLEMENTARES | D28: H | E28: 1.207 | F28: 20.41 | G28: 24.63
A29: SINAPI-I | B29: 10555 | C29: PORTA DE MADEIRA, FOLHA MEDIA (NBR 15930) DE 800 X 2100 MM, DE 35 MM A 40 MM DE ESPESSURA, NUCLEO SEMI-SOLIDO (SARRAFEADO), CAPA LISA EM HDF, ACABAMENTO EM PRIMER PARA PINTURA | D29: UN | E29: 1 | F29: 198.21 | G29: 198.21
A31: COMPOSIÇÃO | B31: CPU 005 | C31: FOLHAS DE PORTA DE MADEIRA LEVE OU MÉDIA DE 90CM DE LARGURA, FORNECIMENTO E INSTALAÇÃO | D31: UN | G31: 352.2
A32: SINAPI-I | B32: 11055 | C32: PARAFUSO ROSCA SOBERBA ZINCADO CABECA CHATA FENDA SIMPLES 3,5 X 25 MM (1 ") | D32: UN | E32: 19.8 | F32: 0.1 | G32: 1.98
A33: SINAPI | B33: 88261 | C33: CARPINTEIRO DE ESQUADRIA COM ENCARGOS COMPLEMENTARES | D33: H | E33: 1.678 | F33: 31.35 | G33: 52.6
A34: SINAPI | B34: 88309 | C34: PEDREIRO COM ENCARGOS COMPLEMENTARES | D34: H | E34: 0.249 | F34: 28.15 | G34: 7
A35: SINAPI | B35: 88316 | C35: SERVENTE COM ENCARGOS COMPLEMENTARES | D35: H | E35: 1.327 | F35: 20.41 | G35: 27.08
A36: SINAPI-I | B36: 10556 | C36: PORTA DE MADEIRA, FOLHA MEDIA (NBR 15930) DE 900 X 2100 MM, DE 35 MM A 40 MM DE ESPESSURA, NUCLEO SEMI-SOLIDO (SARRAFEADO), CAPA LISA EM HDF, ACABAMENTO EM PRIMER PARA PINTURA | D36: UN | E36: 1 | F36: 263.54 | G36: 263.54
A38: COMPOSIÇÃO | B38: CPU 006 | C38: RE-INSTALAÇÃO DE LUMINÁRIAS DE SOBREPOR | D38: UND | G38: 19.07
A39: SINAPI | B39: 88247 | C39: AUXILIAR DE ELETRICISTA COM ENCARGOS COMPLEMENTARES | D39: H | E39: 0.37 | F39: 23.03 | G39: 8.52
A40: SINAPI | B40: 88264 | C40: ELETRICISTA COM ENCARGOS COMPLEMENTARES | D40: H | E40: 0.37 | F40: 28.54 | G40: 10.55
C44: Ana Paula Mota Alves
C45: Engenheira Civil
C46: CREA SP 5062224000 visto MG 22220

Sheet MEMORIAL DESCRITIVO
A1: MEMORIAL DESCRITIVO
A3: MUNICÍPIO: | B3: ='PLANILHA ORÇAMENTÁRIA'!C3 -> DELFIM MOREIRA ISS 4%
A4: OBRA: | B4: ='PLANILHA ORÇAMENTÁRIA'!C4 -> REFORMA DA ESCOLA MUNICIPAL JOAQUIM PERES
A5: DATA: | B5: ='PLANILHA ORÇAMENTÁRIA'!C5 -> AGOSTO DE 2024
B6: ='PLANILHA ORÇAMENTÁRIA'!C6 -> REVISÃO ZERO
A8: VISÃO GERAL
B9: A obra consiste na reforma do prédio de forma geral, incluindo troca de forro, nova instalação elétrica completa, concretagem do pátio entre outras melhorias. A execução deve ser feita com técnica e atenção para não danificar as partes que não sofrerão intervenções. Nos dois primeiros meses de obra, a serem realizados no ano de 2024, devem ser executados os serviços preliminares, o novo piso do pátio, a nova cobertura da lavanderia, parte das esquadrias, abrigo de gás, ponto de alimentação de gás para os fogões, nova bancada da cozinha, e todos os respectivos serviços de demolição e remoção necessários antes destes. Os demais serviços serão realizado sno dois meses seguintes, já no ano de 2025.
A10: NOTAS:
B11: 1. Os responsáveis técnicos pela autoria dos projetos reservam-se o direito de realizar revisões e alteração em qualquer tempo, visando a melhoria e adequação ao uso das estruturas e instalações. 2. Todos os procedimentos construtivos deverão seguir as normas pertinentes a cada um, independentemente de terem ou não sido citadas as normas neste memorial, de terem sido citados os custos de cada procedimento ou equipamento necessário para a cada etapa na planilha orçamentária, projeto, contrato, ou qualquer outro documento. A obediência às normas técnicas é prioridade para qualquer tarefa a ser executada ou material a ser empregado, por mais simples que seja. 3. Durante todo o decorrer da obra o canteiro deverá manter-se limpo, organizado e proporcionar segurança para os trabalhadores, visitantes e pessoas e/ou atividades nos arredores da construção. 4. Todos os materiais que envolvem definições de acabamento, como pisos, pedras, tintas, janelas, portas entre outros, devem ser previamente apresentados, analisados e aprovados pela Prefeitura, através da Secretaria de Educação, antes da compra e aplicação por parte da empresa executora. 5. As instalações devem estar em pleno funcionamento, sendo que o teste de todas as luminárias, tomadas, torneiras, registros, portas, janelas, hidrantes, e todos os equipamentos e componentes de obra devem ser realizados antes de sua entrega final. 6. A obra deverá ser entregue limpa, livre de restos de material, ferramentas, etc.
A12: 1 | B12: ADMINISTRAÇÃO LOCAL
B13: A obra deve ser administrada no local, por um engenheiro civil pleno ou arquiteto pleno por uma média de 80 horas durante a duração da obra, com duração de 4 meses.
A14: 2 | B14: SERVIÇOS PRELIMINARES
B15: Deve ser instalada placa de obra em chapa metálica, nas dimensões 2,0x1,0m, no modelo fornecido pela prefeitura.
A16: 3 | B16: DEMOLIÇÕES E REMOÇÕES
B17: As portas da cozinha, sala de informática e uma sala de aula serão completamente removidas e trocadas. Todas as demais portas devem ter as folhas removidas para serem trocadas. Todos os forros existentes devem ser removidas, inclusive a estrutura de madeira. A cobertura existente da lavanderia deve ser toda demolida. O piso do pátio descoberto deve ser todo demolido. Para a instalação da nova porta da cozinha e aumentar o vão das portas da secretaria e da sala de aula em 10cm. Uma faixa de 1,10m de reboco deve ser demolido em todos os ambientes, conforme indicado em projeto, exceto as áreas revestidas com cerâmica.
A18: 4 | B18: ALVENARIA
B19: O vão da porta removida da cozinha deve ser fechado com alvenaria em bloco de concreto estrutural. Para o novo abrigo para botijão de gás, as paredes devem ser em alvenaria em bloco de concreto estrutural.
A20: 5 | B20: CORREÇÃO ESTRUTURAL
B21: O prédio possui diversas fissuras que devem ser corrigidas com a execução de demolição de reboco na largura de 50cm em torno do eixo das fissuras, costura com grampo de barra de aço de 4,2mm de diâmetro com 40cm de comprimento espaçadas a cada 10cm, ligação com tela soldada fixada por pinos, com 50cm de largura cada uma de 12cm cobrindo toda a área descascada, e tudo deve ser revestido novamente com argamassa.
A22: 6 | B22: REVESTIMENTO
B23: A área de reboco demolido deve ser recomposto com chapisco, reboco com argamassa com aditivo impermeabilizante e a impermeabilização de superfície com argamassa polimérica em 3 demãos.
A24: 7 | B24: PISO
B25: O pátio deve receber novo piso em concreto, fck 20 Mpa virado em obra, com 6cm de espessura, armado com tela de aço nervurada fio 5,0mm 10x10cm.
A26: 8 | B26: PINTURA
B27: Todo o prédio deve receber nova pintura, sendo as paredes com barrado em tinta esmalte em 2 demãos e acrílica acima do barrado em duas demãos, todas sobre superfície preparada e sobre uma demão de fundo selador. As portas em madeira, existentes e novas, devem receber pintura em esmalte em duas demãos, sobre uma demão de fundo nivelador. As janelas metálicas devem receber pintura em tinta esmalte em duas demãos, inclusive uma demão de fundo anticorrosivo.
A28: 9 | B28: COBERTURA E FORRO
B29: A lavanderia deve receber nova cobertura, com estrutura de madeira e telhas em fibrocimento, com calha galvanizada. Nos beirais externos devem ser instaladas calhas galvanizadas. Todo o forro demolido deve ser refeito, com estrutura bidirecional em canaleta de aço zincado, fixada na estrutura da cobertura, e forro em PVC em régua lisa e roda forro.
A30: 10 | B30: ESQUADRIAS
B31: A nova porta da cozinha será em chapa galvanizada, de correr. Sob as bancadas da cozinha devem ser instaladas portas em alumínio tipo veneziana. As novas folhas de portas serão em madeira, com novas fechaduras. Os vidros quebrados devem ser trocados. As portas da sala de informática e de uma das salas de aula devem ser substituídas por completo. As portas da sala de informática, sanitário acessível e da sala de aula devem receber instalação de barra de apoio de 40cm, de acordo com a norma de acessibilidade. A janela da secretaria deve ser trocada por uma nova em alumínio e vidro, com abertura para atendimento ao público, sobre uma bancada de granito de 40cm de largura.
A32: 11 | B32: OUTROS SERVIÇOS
B33: A cozinha deve receber nova bancada em granito tipo cinza andorinha, com testeira e roda banca, apoiada em alvenaria de blocos de concreto estrutural, e cuba em aço inoxidável grande para lavagem de panelões, de 60x60x40cm, incluindo válvula, sifão e torneira metálicos. O ponto de esgoto deve ser executado pelo piso embutido na sapata da bancada, que deve receber rodapé e prateleiras em granito. Para a instalação da nova cuba devem ser executados pontos de água e esgoto novos, ligados às redes existentes. Para os fogões devem ser executados pontos em cobre ligados ao abrigo de botijões. Para a nova cobertura da lavanderia deve ser executado pilar em concreto armado, com seção 20x20cm, com 2,10m de altura, apoiado em broca manual de 3m de profundidade e 25cm de diâmetro.
A34: 12 | B34: INSTALAÇÕES ELÉTRICAS
B35: Todas as instalações elétricas serão refeitas, conforme projeto específico. Os eletrodutos serão do tipo flexível e embutidos em todas as paredes das salas, e do tipo rígido aparentes nas paredes da cozinha. No teto os eletrodutos serão em eletroduto rígido, apoiados/fixados nas estruturas da cobertura e do forro. As luminárias existentes devem ser removidas e reinstaladas, e quatro novas devem ser instaladas na cozinha.
A36: 13 | B36: SERVIÇOS FINAIS
B37: A obra deve ser entregue limpa, com as instalações funcionando e livre de restos de obras.
B39: Ana Paula Mota Alves
B40: Engenheira Civil
B41: CREA SP 5062224000 visto MG 22220

Sheet tabela auxiliar
A1: MEMÓRIA DE CALCULO DE QUANTITATIVOS | V1: MEMÓRIA DE CALCULO DE QUANTITATIVOS
A2: SALA N. | B2: DESCRIÇÃO | C2: ÁREA | D2: PERÍMETRO | E2: pé-direito / altura | F2: Altura barrado | G2: Demolição barrado esmalte | H2: Chapisco | I2: Reboco | J2: pintura esmalte alvenaria | K2: pintura acrílica alvenaria | L2: Remover forro de pvc | M2: instalar forro pvc | N2: instalar roda-forro | O2: Construção de alvenaria | P2: Demolição de piso | Q2: Construção de piso | R2: remoção de telhado | S2: instalação telhado | T2: vão barrado | U2: vão pintura acrílica | V2: item extra | Z2: ESQUADRIAS
C3: m² | D3: m | E3: m | F3: m² | G3: m² | H3: m² | I3: m² | J3: m² | K3: m² | L3: m² | M3: m² | N3: m | O3: m² | P3: m² | Q3: m² | R3: m² | S3: m² | T3: m² | U3: m² | V3: trocar vidro quebrado | W3: =0.2*1.2 -> 0.24 | X3: m² | Z3: JANELA
A4: 1 | B4: Sanitário | C4: 3.82 | D4: 7.82 | E4: 2.8 | F4: 1.7 | K4: =D4*(E4-F4)-U4 -> 8.107 | L4: =C4 -> 3.82 | M4: =L4 -> 3.82 | N4: =D4 -> 7.82 | T4: =0.5*0.2+0.8*1.7 -> 1.46 | U4: =0.5*0.55+0.8*2.1-T4 -> 0.495 | V4: remover folha de porta madeira | W4: =0.8*2.1*10+0.9*2.1+2*1.5 -> 21.69 | X4: m² | Z4: Largura | AA4: Altura | AB4: Quant. | AC4: Área | AD4: material
A5: 2 | B5: Despensa | C5: 8 | D5: 12 | E5: 2.8 | F5: 1.1 | G5: =D5*F5-T5 -> 12.32 | H5: =G5 -> 12.32 | I5: =H5 -> 12.32 | J5: =I5 -> 12.32 | K5: =D5*(E5-F5)-U5 -> 17.8 | L5: =C5 -> 8 | M5: =L5 -> 8 | N5: =D5 -> 12 | T5: =0.8*1.1 -> 0.88 | U5: =1.5*1.2+0.8*2.1-T5 -> 2.6 | V5: instalar folha de porta madeira 80cm | W5: 10 | X5: uni | Z5: 0.5 | AA5: 0.55 | AB5: 5 | AC5: =Z5*AA5*AB5 -> 1.375 | AD5: metal/vidro
A6: 3 | B6: Cozinha | C6: 22.72 | D6: 19.62 | E6: 2.8 | F6: 1.7 | K6: =D6*(E6-F6)-U6 -> 20.042 | L6: =C6 -> 22.72 | M6: =L6 -> 22.72 | N6: =D6 -> 19.62 | O6: =0.8*2.1 -> 1.68 | T6: =0.8*1.7*3+1.5*0.8+1.4*0.8 -> 6.4 | U6: =1.4*1+1.5*1+0.8*2.1*3-T6 -> 1.54 | V6: instala folha de porta madeira 90cm | W6: 1 | X6: uni | Z6: 1.5 | AA6: 1.2 | AB6: 1 | AC6: =Z6*AA6*AB6 -> 1.8 | AD6: metal/vidro
A7: 4 | B7: Sala de aula | C7: 39.84 | D7: 25.32 | E7: 2.8 | F7: 1.1 | G7: =D7*F7-T7 -> 26.172 | H7: =G7 -> 26.172 | I7: =H7 -> 26.172 | J7: =I7 -> 26.172 | K7: =D7*(E7-F7)-U7 -> 38.244 | L7: =C7 -> 39.84 | M7: =L7 -> 39.84 | N7: =D7 -> 25.32 | T7: =0.8*1.1+2*0.2*2 -> 1.68 | U7: =0.8*2.1+2*1.2*2-T7 -> 4.8 | V7: ponto de água | W7: 1 | X7: uni | Z7: 2 | AA7: 1.2 | AB7: 5 | AC7: =Z7*AA7*AB7 -> 12 | AD7: metal/vidro
A8: 5 | B8: Sala de aula | C8: 40.36 | D8: 25.5 | E8: 2.8 | F8: 1.1 | G8: =D8*F8-T8 -> 26.37 | H8: =G8 -> 26.37 | I8: =H8 -> 26.37 | J8: =I8 -> 26.37 | K8: =D8*(E8-F8)-U8 -> 38.55 | L8: =C8 -> 40.36 | M8: =L8 -> 40.36 | N8: =D8 -> 25.5 | T8: =0.8*1.1+2*0.2*2 -> 1.68 | U8: =0.8*2.1+2*1.2*2-T8 -> 4.8 | V8: ponto de esgoto | W8: 1 | X8: uni | Z8: 2.5 | AA8: 1.5 | AB8: 3 | AC8: =Z8*AA8*AB8 -> 11.25 | AD8: metal/vidro
A9: 6 | B9: DML | C9: 7.47 | D9: 11.42 | E9: 2.8 | F9: 1.1 | G9: =D9*F9-T9 -> 11.682 | H9: =G9 -> 11.682 | I9: =H9 -> 11.682 | J9: =I9 -> 11.682 | K9: =D9*(E9-F9)-U9 -> 18.339 | L9: =C9 -> 7.47 | M9: =L9 -> 7.47 | N9: =D9 -> 11.42 | T9: =0.8*1.1 -> 0.88 | U9: =0.8*2.1+0.5*0.55-T9 -> 1.075 | V9: tratamento de trincas | W9: =(1.2+1+0.5+1.3+1+0.8+1+1.2+0.8+1.5+3+2.1+2.8+0.8+2.1+1.1+2)*0.5 -> 12.1 | X9: m² | Z9: 2 | AA9: 1.5 | AB9: 3 | AC9: =Z9*AA9*AB9 -> 9 | AD9: metal/vidro
A10: 7 | B10: BAN.PNE | C10: 4.66 | D10: 8.66 | E10: 2.8 | F10: 1.7 | K10: =D10*(E10-F10)-U10 -> 9.166 | L10: =C10 -> 4.66 | M10: =L10 -> 4.66 | N10: =D10 -> 8.66 | T10: =0.9*1.7 -> 1.53 | U10: =0.9*2.1-T10 -> 0.36 | V10: CALHA | W10: 4 | X10: m | Z10: 1.4 | AA10: 1 | AB10: 1 | AC10: =Z10*AA10*AB10 -> 1.4 | AD10: metal/vidro
A11: 8 | B11: SANITÁRIO | C11: 2.4 | D11: 6.4 | E11: 2.8 | F11: 1.7 | K11: =D11*(E11-F11)-U11 -> 6.545 | L11: =C11 -> 2.4 | M11: =L11 -> 2.4 | N11: =D11 -> 6.4 | T11: =0.8*1.7+0.5*0.2 -> 1.46 | U11: =0.8*2.1+0.5*0.55-T11 -> 0.495 | V11: Ponto de gás | W11: 1 | X11: uni | Z11: 0.4 | AA11: 0.5 | AB11: 1 | AC11: =Z11*AA11*AB11 -> 0.2 | AD11: metal/vidro
A12: 9 | B12: Refeitório | C12: 85.14 | D12: =44.46-1.69 -> 42.77 | E12: 3.2 | F12: 1.1 | G12: =D12*F12-T12 -> 37.257 | H12: =G12 -> 37.257 | I12: =H12 -> 37.257 | J12: =I12 -> 37.257 | K12: =D12*(E12-F12)-U12 -> 79.317 | T12: =0.8*1.1*10+0.9*1.1 -> 9.79 | U12: =0.8*2.1*10+0.9*2.1+0.4*0.5+1.4*1-T12 -> 10.5 | V12: instalar porta nas bancadas | W12: =1.24*0.8+1.15*0.8*2 -> 2.832 | X12: m² | Z12: TOTAL | AC12: =SUM(AC5:AC11) -> 37.025
A13: 10 | B13: Ban. Masc. | C13: 10.01 | D13: 13.5 | E13: 2.8 | F13: 1.7 | K13: =D13*(E13-F13)-U13 -> 14.355 | L13: =C13 -> 10.01 | M13: =L13 -> 10.01 | N13: =D13 -> 13.5 | T13: =0.8*1.7+0.5*0.2 -> 1.46 | U13: =0.8*2.1+0.5*0.55-T13 -> 0.495 | V13: instalar porta de correr 1 folha | W13: =0.8*2.1 -> 1.68 | X13: m² | Z13: PORTA
A14: 11 | B14: Ban. Fem. | C14: 8.46 | D14: 12.82 | E14: 2.8 | F14: 1.7 | K14: =D14*(E14-F14)-U14 -> 13.607 | L14: =C14 -> 8.46 | M14: =L14 -> 8.46 | N14: =D14 -> 12.82 | T14: =0.8*1.7+0.5*0.2 -> 1.46 | U14: =0.8*2.1+0.5*0.55-T14 -> 0.495 | V14: instalar por de 90 cm | W14: 2 | X14: uni | Z14: Largura | AA14: Altura | AB14: Quant. | AC14: Área | AD14: material
A15: 12 | B15: Sala de aula | C15: 42.3 | D15: 26.06 | E15: 2.8 | F15: 1.1 | G15: =D15*F15-T15 -> 26.986 | H15: =G15 -> 26.986 | I15: =H15 -> 26.986 | J15: =I15 -> 26.986 | K15: =D15*(E15-F15)-U15 -> 38.302 | L15: =C15 -> 42.3 | M15: =L15 -> 42.3 | N15: =D15 -> 26.06 | T15: =2*0.2*2+0.8*1.1 -> 1.68 | U15: =0.8*2.1+2*1.5*2-T15 -> 6 | V15: instalação de esquadria | W15: =2*1.5 -> 3 | X15: m² | Z15: 0.8 | AA15: 2.1 | AB15: 1 | AC15: =Z15*AA15*AB15 -> 1.68 | AD15: metal/vidro
A16: 13 | B16: Secretaria | C16: 22.78 | D16: 19.7 | E16: 2.8 | F16: 1.1 | G16: =D16*F16-T16 -> 19.49 | H16: =G16 -> 19.49 | I16: =H16 -> 19.49 | J16: =I16 -> 19.49 | K16: =D16*(E16-F16)-U16 -> 30.04 | L16: =C16 -> 22.78 | M16: =L16 -> 22.78 | N16: =D16 -> 19.7 | T16: =2.5*0.2+0.8*2.1 -> 2.18 | U16: =0.8*2.1+2.5*1.5+0.4*0.5-T16 -> 3.45 | Z16: 1.68 | AA16: 2.1 | AB16: 1 | AC16: =Z16*AA16*AB16 -> 3.528 | AD16: metal
A17: 14 | B17: corredor | C17: 10.9 | D17: =16.34-1.68 -> 14.66 | E17: 2.8 | F17: 1.1 | G17: =D17*F17-T17 -> 13.398 | H17: =G17 -> 13.398 | I17: =H17 -> 13.398 | J17: =I17 -> 13.398 | K17: =D17*(E17-F17)-U17 -> 22.442 | L17: =C17 -> 10.9 | M17: =L17 -> 10.9 | N17: =D17 -> 14.66 | T17: =0.8*1.1+1.68*1.1 -> 2.728 | U17: =1.68*2.1+0.8*2.1-T17 -> 2.48 | Z17: 0.8 | AA17: 2.1 | AB17: 10 | AC17: =Z17*AA17*AB17 -> 16.8 | AD17: madeira
A18: 15 | B18: Sala de aula | C18: 41.94 | D18: 25.94 | E18: 2.8 | F18: 1.1 | G18: =D18*F18-T18 -> 26.654 | H18: =G18 -> 26.654 | I18: =H18 -> 26.654 | J18: =I18 -> 26.654 | K18: =D18*(E18-F18)-U18 -> 36.798 | L18: =C18 -> 41.94 | M18: =L18 -> 41.94 | N18: =D18 -> 25.94 | T18: =0.8*1.1+2.5*0.2*2 -> 1.88 | U18: =0.8*2.1+2.5*1.5*2-T18 -> 7.3 | Z18: 0.9 | AA18: 2.1 | AB18: 3 | AC18: =Z18*AA18*AB18 -> 5.67 | AD18: madeira
A19: 16 | B19: informática | C19: 27.22 | D19: 21.86 | E19: 2.8 | F19: 1.1 | G19: =D19*F19-T19 -> 21.536 | H19: =G19 -> 21.536 | I19: =H19 -> 21.536 | J19: =I19 -> 21.536 | K19: =D19*(E19-F19)-N19 -> 15.302 | L19: =C19 -> 27.22 | M19: =L19 -> 27.22 | N19: =D19 -> 21.86 | T19: =0.8*1.1*2+2.5*0.2+2.5*0.1 -> 2.51 | U19: =0.8*2.1*2+2.5*1.5+2.5*1.2-T19 -> 7.6 | Z19: 0.7 | AA19: 2.1 | AB19: 6 | AC19: =Z19*AA19*AB19 -> 8.82 | AD19: madeira
A20: 17 | B20: Lavanderia | R20: 5.67 | S20: 15.83
A21: 18 | B21: Casa de gás | C21: 0.52 | D21: 2.9 | E21: 0.6 | H21: =O21*2 -> 1.92 | I21: =H21 -> 1.92 | J21: =I21 -> 1.92 | O21: =1.6*0.6 -> 0.96
A22: SOMA | G22: =SUM(G4:G21) -> 221.865 | H22: =SUM(H4:H21) -> 223.785 | I22: =SUM(I4:I21) -> 223.785 | J22: =SUM(J4:J21) -> 223.785 | K22: =SUM(K4:K21) -> 406.956 | L22: =SUM(L4:L21) -> 292.88 | M22: =SUM(M4:M21) -> 292.88 | N22: =SUM(N4:N21) -> 251.28 | ... S22: =SUM(S4:S21) -> 15.83
A23: externo | B23: Fachada | D23: 83.59 | E23: 3.3 | F23: 1.1 | G23: =20.47*F23-T23 -> 19.789 | H23: =G23 -> 19.789 | I23: =H23 -> 19.789 | J23: =I23 -> 19.789 | K23: =D23*(E23-F23)-U23 -> 147.493 | P23: 141.98 | Q23: 141.98 | T23: =0.8*1.1+1.68*1.1 -> 2.728 | U23: =1.5*1.2+2*1.2*5+0.5*0.55*5+1.5*1+2*1.5*2+2.5*1.5*3+0.8*2.1+1.68*2.1-T23 -> 36.405
A24: externo | B24: Oitão | D24: 18.23 | E24: 1.28 | K24: =D24*E24 -> 23.3344
A25: SOMA | G25: =SUM(G23:G24) -> 19.789 | H25: =SUM(H23:H24) -> 19.789 | I25: =SUM(I23:I24) -> 19.789 | J25: =SUM(J23:J24) -> 19.789 | K25: =SUM(K23:K24) -> 170.8274 | P25: =SUM(P23:P24) -> 141.98 | Q25: =SUM(Q23:Q24) -> 141.98
Z26: Ana Paula Mota Alves
Z27: Engenheira Civil
Z28: CREA SP 5062224000 visto MG 22220
